Workbook

Sheet フォーム
A2: 「中国経済と日本企業2027年白書」建議作成に係るアンケート回答用紙
B4: 貴社名 ：
B5: 商工会・日本人会名 | E5: ※中国日本商会会員以外の場合には必ずご記入ください。
A7: １．建議の内容
A8: (1) | B8: ステータス | C8: (プルダウン選択) | D8: =VLOOKUP(C8,選択肢!$A$15:$B$20,2,FALSE)
B9: 建議掲載 章・番号 | C9: (プルダウン選択) | D9: (プルダウン選択) | E9: ※「新規」以外を選択した場合、選択ください
B10: 課題 （事例：出来るだけ具体的に『いつ・どこで』発生した課題か、またその背景などを記載頂けると助かります）
B11: 改善要望 （改善[完了][継続]の場合、改善した内容も記載ください）
B12: 分 野 | C12: (プルダウン選択)
B13: └ 業種 / 地域 | D13: ※「業種固有の課題」「地域固有の課題」を選択した場合に記入ください
B14: 関連法令・制度等 | E14: ※「関連法令・制度等」あるいは「所轄する機関・部署」のいずれかを原則明記してください。
B15: 所轄する機関・部署
A18: (2) | B18: ステータス | C18: (プルダウン選択) | D18: =VLOOKUP(C18,選択肢!$A$15:$B$20,2,FALSE)
B19: 建議掲載 章・番号 | C19: (プルダウン選択) | D19: (プルダウン選択) | E19: ※「新規」以外を選択した場合、選択ください
B20: 課題 （事例：出来るだけ具体的に『いつ・どこで』発生した課題か、またその背景などを記載頂けると助かります）
B21: 改善要望 （改善[完了][継続]の場合、改善した内容も記載ください）
B22: 分 野 | C22: (プルダウン選択)
B23: └ 業種 / 地域 | D23: ※「業種固有の課題」「地域固有の課題」を選択した場合に記入ください
B24: 関連法令・制度等 | E24: ※「関連法令・制度等」あるいは「所轄する機関・部署」のいずれかを原則明記してください。
B25: 所轄する機関・部署
A28: (3) | B28: ステータス | C28: (プルダウン選択) | D28: =VLOOKUP(C28,選択肢!$A$15:$B$20,2,FALSE)
B29: 建議掲載 章・番号 | C29: (プルダウン選択) | D29: (プルダウン選択) | E29: ※「新規」以外を選択した場合、選択ください
B30: 課題 （事例：出来るだけ具体的に『いつ・どこで』発生した課題か、またその背景などを記載頂けると助かります）
B31: 改善要望 （改善[完了][継続]の場合、改善した内容も記載ください）
B32: 分 野 | C32: (プルダウン選択)
B33: └ 業種 / 地域 | D33: ※「業種固有の課題」「地域固有の課題」を選択した場合に記入ください
B34: 関連法令・制度等 | E34: ※「関連法令・制度等」あるいは「所轄する機関・部署」のいずれかを原則明記してください。
B35: 所轄する機関・部署
A38: (4) | B38: ステータス | C38: (プルダウン選択) | D38: =VLOOKUP(C38,選択肢!$A$15:$B$20,2,FALSE)
B39: 建議掲載 章・番号 | C39: (プルダウン選択) | D39: (プルダウン選択) | E39: ※「新規」以外を選択した場合、選択ください
B40: 課題 （事例：出来るだけ具体的に『いつ・どこで』発生した課題か、またその背景などを記載頂けると助かります）
B41: 改善要望 （改善[完了][継続]の場合、改善した内容も記載ください）
B42: 分 野 | C42: (プルダウン選択)
B43: └ 業種 / 地域 | D43: ※「業種固有の課題」「地域固有の課題」を選択した場合に記入ください
B44: 関連法令・制度等 | E44: ※「関連法令・制度等」あるいは「所轄する機関・部署」のいずれかを原則明記してください。
B45: 所轄する機関・部署
A48: (5) | B48: ステータス | C48: (プルダウン選択) | D48: =VLOOKUP(C48,選択肢!$A$15:$B$20,2,FALSE)
B49: 建議掲載 章・番号 | C49: (プルダウン選択) | D49: (プルダウン選択) | E49: ※「新規」以外を選択した場合、選択ください
B50: 課題 （事例：出来るだけ具体的に『いつ・どこで』発生した課題か、またその背景などを記載頂けると助かります）
B51: 改善要望 （改善[完了][継続]の場合、改善した内容も記載ください）
B52: 分 野 | C52: (プルダウン選択)
B53: └ 業種 / 地域 | D53: ※「業種固有の課題」「地域固有の課題」を選択した場合に記入ください
B54: 関連法令・制度等 | E54: ※「関連法令・制度等」あるいは「所轄する機関・部署」のいずれかを原則明記してください。
B55: 所轄する機関・部署
A58: (6) | B58: ステータス | C58: (プルダウン選択) | D58: =VLOOKUP(C58,選択肢!$A$15:$B$20,2,FALSE)
B59: 建議掲載 章・番号 | C59: (プルダウン選択) | D59: (プルダウン選択) | E59: ※「新規」以外を選択した場合、選択ください
B60: 課題 （事例：出来るだけ具体的に『いつ・どこで』発生した課題か、またその背景などを記載頂けると助かります）
B61: 改善要望 （改善[完了][継続]の場合、改善した内容も記載ください）
B62: 分 野 | C62: (プルダウン選択)
B63: └ 業種 / 地域 | D63: ※「業種固有の課題」「地域固有の課題」を選択した場合に記入ください
B64: 関連法令・制度等 | E64: ※「関連法令・制度等」あるいは「所轄する機関・部署」のいずれかを原則明記してください。
B65: 所轄する機関・部署
A68: (7) | B68: ステータス | C68: (プルダウン選択) | D68: =VLOOKUP(C68,選択肢!$A$15:$B$20,2,FALSE)
B69: 建議掲載 章・番号 | C69: (プルダウン選択) | D69: (プルダウン選択) | E69: ※「新規」以外を選択した場合、選択ください
B70: 課題 （事例：出来るだけ具体的に『いつ・どこで』発生した課題か、またその背景などを記載頂けると助かります）
B71: 改善要望 （改善[完了][継続]の場合、改善した内容も記載ください）
B72: 分 野 | C72: (プルダウン選択)
B73: └ 業種 / 地域 | D73: ※「業種固有の課題」「地域固有の課題」を選択した場合に記入ください
B74: 関連法令・制度等 | E74: ※「関連法令・制度等」あるいは「所轄する機関・部署」のいずれかを原則明記してください。
B75: 所轄する機関・部署
A78: (8) | B78: ステータス | C78: (プルダウン選択) | D78: =VLOOKUP(C78,選択肢!$A$15:$B$20,2,FALSE)
B79: 建議掲載 章・番号 | C79: (プルダウン選択) | D79: (プルダウン選択) | E79: ※「新規」以外を選択した場合、選択ください
B80: 課題 （事例：出来るだけ具体的に『いつ・どこで』発生した課題か、またその背景などを記載頂けると助かります）
B81: 改善要望 （改善[完了][継続]の場合、改善した内容も記載ください）
B82: 分 野 | C82: (プルダウン選択)
B83: └ 業種 / 地域 | D83: ※「業種固有の課題」「地域固有の課題」を選択した場合に記入ください
B84: 関連法令・制度等 | E84: ※「関連法令・制度等」あるいは「所轄する機関・部署」のいずれかを原則明記してください。
B85: 所轄する機関・部署
A87: ※ 『１．建議の内容』が8項目以上になる場合は適宜入力欄を複製のうえ入力・ご提出ください。
A89: 2．その他(自由記入）

Sheet 【参考】2026年 建議一覧 
B1: 2026年版白書 建議一覧 | G1: 色がついているセルはエグゼクティブサマリーに掲載した建議になります。
C2: 大項目 | D2: 中項目 | E2: 番号 | F2: 建議タイトル | G2: 建議内容
B4: 第2部 第１章 貿易
C5: 大項目 | D5: 中項目 | E5: 番号 | F5: 建議タイトル | G5: 建議内容
C6: 1. 貿易管理関連法規制 | E6: ① | F6: 輸出管理法制における不透明性の排除および国際標準に則した運用 | G6: 「輸出管理法」が2020年12月に施行されて以降、（その下位法令として）「両用品目輸出管理条例」「両用品目輸出管理リスト」が2024年12月に施行されるなど、関連法令については順次整備が進められているが、依然としてその内容や運用に関し不透明性が存在している。また、2025年12月に「対外貿易法」が拡充され、2026年1月には日本向け両用品目の規制が公告されたほか、続く2月には関連法令に基づく新たな公告により一部取引に制限がかかるなど不透明性が増大している面もある。管理品目等の関連細則の整備、解釈の統一的運用を進めるとともに、公表した情報は整理のうえ解説を要望する。また、同法における輸出許可の要否（該非判定）が不明瞭なケースも見られることから、基準をよりいっそう明確化するとともに、許可申請から許可取得までに要する時間の短縮を要望する。過度な輸出規制や貿易措置は民生用品のサプライチェーンを阻害する要因にもなりかねないことから、対象を真に安全保障にかかるものに限定し、国際標準に即した、適切な関連法規制の運用とすることを要望する。
E7: ② | F7: 希土類等の輸出許可申請の円滑化ならびに不透明性の排除 | G7: 2023年より順次実施され、2024年9月および2025年2月・4月に追加された各種レアアース・レアメタルに対する輸出許可申請において、手続が遅滞するケースが発生している。これら資源は中国が世界における主要生産・輸出国であり、サプライチェーンの構築において重要な役割を担っている。在中国日本企業は商務部の産業安全・輸出入管制局が発表する両用品目の輸出に関するQ＆Aやガイドラインなども活用し、関連法令の内容を理解し、関連法令に従った対応を行っているが、認可基準の不透明性は依然として残っている。関連法規制に対するさらなる説明ならびに申請手続のさらなる円滑化を要望する。
E8: ③ | F8: 再輸出規制の適用範囲の合理的かつ国際標準に則した設定 | G8: 「輸出管理法」では「再輸出」「みなし輸出」「法の域外適用による責任追及」などが定められているが、これらがどのように運用されるかが不透明である。これらは、運用の如何により、業界や企業のサプライチェーンを含めた既存のビジネスモデルへ大きな影響を与えるものであり、既存ビジネスの予見性の著しい低下および、新規投資を抑制する大きな要因となりえる。その内容や運用が国際標準から乖離しないことを要望するとともに、投資、産業および企業への影響を抑えるよう、再輸出規制の範囲を合理的に設定するよう要望する。 また、2025年10月9日公布の商務部公告2025年第61号「海外における関連レアアース品目に対する輸出管理実施の決定」は、11月7日公布の商務部公告2025年第70号にて2026年11月10日まで暫定停止とされたが、第61号公告に基づきレアアースの輸出管理の強化が適用された場合、グローバルサプライチェーンへの影響は甚大なものと想定される。商務部公告2025年第61号の取り止め、または停止期間の延長を要望する。
E9: ④ | F9: 関連規制・制度の情報開示時期および具体的実施方法の事前通知化 | G9: 輸出入管理など貿易実務に関する規制・制度の変更が直前に周知されるケースがある。WCO（世界税関機構）改正「京都規約」の一般付属書第9章では、税関はすべての利害関係者が関連情報を容易に入手できるようにすること、変更が発生した際には事前に十分な余裕を持って情報を入手できるようにすることを規定している。商務部や海関総署などの関連部門に対し、貿易実務に伴う規制・制度の変更を実施する場合には、十分な準備期間を確保するとともに、文書で事前にウェブサイトに掲載するなど情報開示時期および具体的実施方法について配慮するよう要望する。
E10: ⑤ | F10: 海関総署とのコミュニケーション機会の構築 | G10: 中国政府は「ハイレベルの対外開放の拡大」の方針に基づき、貿易強国の建設や多国間貿易体制の構築に向けて、対外貿易の質的向上を図っている。これらの実現には、法規制や手続規則などの整備による貿易取引の促進が重要である。法規制や手続規則などの整備においては、外資企業の意見によりいっそうの配慮を要望するとともに、日中双方にとってウィンウィンとなる建設的対話を行うため、日本企業ならびに日本企業を代表する関連団体・組織と海関総署のコミュニケーション機会の構築を要望する。
C11: 2.税関規則・HSコード、通関関連 | E11: ⑥ | F11: 税関規則・規定に対する解釈の統一および統一的運用の強化 | G11: 同一製品のHSコードや原産地証明など輸出入申告に関する税関審査および保税区、物流園区または保税港区の運用や規則、規定に対する解釈が、地域や担当者により異なるケースがある。マニュアルの整備などにより全国で統一的な運用を行うよう要望する。また、税関内での情報共有が全国統一的な運用の実効性を高めるため、税関間の調整機能の強化を要望する。 RCEP協定の利用にあたっては、日中両国のHSコード分類判断が相違する場合、両国税関がコミュニケーション、協調体制を構築し、企業の実務における困難を解決し、企業がRCEP協定による減税の優遇を真に享受できるように要望する。
E12: ⑦ | F12: HSコード修正時の提出資料確認の迅速化、および適切な修正期間の設定 | G12: 税関調査でHSコードの違いを指摘され、関連資料・説明書を提出したものの、2カ月以上回答を得られないケースがあった。また、税関担当者の交代により、従来用いていたHSコードではなく別のHSコードへの修正指摘が入り、修正機会なく即時処罰が課されたケースもあった。その他には、HSコードの違いを過去数10年に遡り処罰を行うとした指摘も発生している。HSコードの修正に関しては、提出資料の確認の迅速化ならびにその回答期限の提示、適切な修正機会の設定を要望する。
E13: ⑧ | F13: 通関所要時間の調査およびその公表、商品検査リードタイムの短縮 | G13: 「WTO貿易円滑化協定」第7条では努力規定として所要時間調査（TRS）を定期的に実施し公表するように求めている。各税関の通関所要時間を可視化することにより、通関効率化への取り組み向上にもつながるため、税関ごとの通関所要時間を調査し公表するよう要望する。また、上記で収集したデータに基づき、引き続き通関、商品検査にかかわるリードタイムの短縮に取り組むよう要望する。
E14: ⑨ | F14: 通関申告地と検査検疫組織間の連携強化、通関申告地での法定検査受検の取り扱い | G14: 輸入商品の法定検査について、「輸出入商品検査法実施条例」第16条に基づき通関申告地の出入境検験検疫機構へ検査申請することになっており、かつ、同条例第18条により目的地での検査を受けなければならないが、通関申告地と目的地の検査検疫組織間で申請情報の連絡がうまくできておらず、検査まで非常に時間を要したケースがあった。海関総署等の関連部門に対して、通関申告地においても法定検査を受検できるよう要望する。併せて商品検査検疫の迅速化、手続の簡素化を早期に実現し、同一港湾のみならず全国で検疫一体化を実施するよう要望する。
E15: ⑩ | F15: 通関後の輸出入申告事項の修正の可否明確化、自主的な修正申告が認められる事例の提示 | G15: 「税関輸出入貨物通関申告書修正および取消管理弁法」第7条により、修正事由が通関業者に起因する場合は申告事項を修正できるが、それ以外の中国輸入者や海外輸出者等に起因する場合については修正の可否が規定されておらず、修正が認められない場合が多い。海関総署等の関連部門に対して、通関後の輸出入申告事項の修正の可否を明確にするとともに、FAQ等にて自主的な修正申告が認められる事例の提示を要望する。
E16: ⑪ | F16: 一時輸入申請ガイドラインの提示 | G16: 一時輸入を行う際「合理的な数量」を超えていると判断された場合、申請が受理されないケースがある。同申請は貨物が中国に到着した後の輸送情報を基に提出することが可能だが、申請が却下された場合、貨物を返送せざるを得ず、返送費用が発生する。海関総署による「貨物一時輸出入管理弁法」では「合理的な数量」に関する明確な定義が示されておらず、税関担当者の判断によるところが大きい。一時輸入申請における具体的数量などの条件を明示したガイドラインの提示を要望する。
E17: ⑫ | F17: サービス貿易における課税要否や課税価格判断根拠の明確な提示 | G17: 税関によるロイヤルティ支払いや特殊関係間の取引価格にかかわる調査が強化されている。しかし、個々の案件について、税関からどのような根拠・基準に基づいて課税の必要性や価格の妥当性を判断しているかの情報が企業に十分に開示されていない。また、企業の主張および説明に対して税関が同意しない場合、その理由を明確にせず、企業に主張を立証するように一方的に求める事例がある。企業の対応負担を減らすため、海関総署から各地税関に対して、課税の要否や課税価格の判断根拠を明確に提示するよう指導することを要望する。
E18: ⑬ | F18: AEO制度および税関高級認証企業標準の改善 | G18: AEO（Authorized Economic Operator）制度は、2026年1月公布の海関総署令第282号「税関登録登記および届出企業信用管理弁法」にて改定が図られたが、依然として新規受付・承認・認定に時間を要すること、ならびに再認定に伴う提出書類が多いことから、その簡素化を引き続き要望する。日本では製造業、通関業者それぞれ業種カテゴリーごとに審査基準があるが、中国では業種ごとの分別はなく、自社の業務に関係の無い項目も審査対象となっていることから、業種ごとの審査基準の設定を要望する。また、基準を満たすための条件が画一的であり柔軟性に欠ける。認証企業の判断基準を細分化するなど、より対象となる企業の事業実態や運営状況に合ったかたちでの基準の見直しを要望する。
C19: 3.貿易決済、自由貿易協定、その他 | E19: ⑭ | F19: 貨物貿易の外貨支払業務における規制緩和の継続 | G19: 貨物貿易にかかる外貨支払業務を行う際には、原則、輸入通関情報を照会する運用がなされており、その結果通関手続が終了するまで外貨支払ができず、支払が遅れる事象が依然として起きている。また、三国間貿易決済に関する規制は緩和されているものの、適用対象は限定的なものにとどまる。規制緩和の継続、会社規模にかかわらず信用良好な企業に対する運用のさらなる緩和を要望する。
E20: ⑮ | F20: 原産地証明書発給機関に対するFTA条文の遵守指導 | G20: 中国からASEANや中南米各国向けにFTAを利用する際、原産地証明書を発給機関から取得するにあたり、発給機関がFTAの条文とは異なる、または条文に記載の無い要求を行うことにより、FTAが利用できない状況やFTAの利用に遅れが生ずる状況が発生している。例えば、中国ASEAN自由貿易協定（ACFTA）では、その施行細則上に、原産地証明書に記載するHSコードを輸入国のHSコードとする旨の規定がある。しかし、輸入国と輸出国である中国のHSコードが異なる品目について、中国各地の原産地証明書発給機関が自国、すなわち中国のHSコードを記載する要求がある。発給機関の要求通りに発給された原産地証明書は、輸入国では条文違反となることから、FTAが利用できない或いは発給機関との交渉に時間を要しFTAの利用に遅れが生じる。各地の原産地証明書発給機関に対し、条文に記載のない要求を行わないよう要望する。
E21: ⑯ | F21: 保税工場から中国国内への輸入に対する運用条件の明確化とルール整備 | G21: 国内保税工場から物流園区等の保税地域を利用し中国国内へ貨物を輸入する場合の運用条件が厳しく、活用できない事態が発生しやすい。具体的には入区（輸出）と出区（輸入）の両者間で「HSコードが同一であること」「申告価格がマイナスではないこと」の両者を満たさない限り、貨物を出区（輸入）させることができないとされている。法令上の根拠が必ずしも明確とは言えない中で、長年そのような運用が続いていると理解しているが、法令根拠を含めた活用条件の明確化と、条件を満たさない場合に例外的に活用を行うためのルール整備を要望する。
E22: ⑰ | F22: 米中貿易摩擦の早期解消 | G22: 米中貿易摩擦の継続により、関税率の複数回にわたる変更や輸出管理規制が事前に十分な周知期間なく実施されていることにより、各種負担の増加が継続している。このことにより、収益の悪化など深刻な影響を受けている企業もあり、早期の問題解決が望まれる。両国政府間で摩擦解消に向けた協議を加速することを要望する。
B24: 第2部 第2章 投資
C25: 大項目 | D25: 中項目 | E25: 番号 | F25: 建議タイトル | G25: 建議内容
C26: 1.公平な競争環境の確保 | E26: ① | F26: 制度運用の透明化 | G26: 外資系企業の対中投資のリスクと見られている不透明な制度運営について、法制度解釈の統一的運用、制度変更の際の十分な準備期間確保、諸手続の簡素化・迅速化、申請・照会に対する文書での回答といった予見可能性等に資する改善を要望する。また、明文化されていない口頭での指導や規制の実施は行わないよう要望する。
E27: ② | F27: 在中国日系企業に対する公平性の確保、および在中国日本人に対する安全性の確保 | G27: 在中国日系企業が、中国社会の構成員として活躍できる、公平な環境の確保を要望する。特に、国家間で政治・外交的な関係が企業活動・文化活動に影響を与えないようにしていただきたい。 中央政府・地方政府・国有企業には、どのような場合でも、日系企業とのコミュニケーションを深め、許認可、調達、生産要素の提供、行政サービス、補助金・税制優遇等において公平な取扱を行っていただきたい。 また、2025年は戦後80周年で、関連する活動や映像作品も多かった。諍いや差別を防ぎ、安全・安心な生活環境が維持されるよう、配慮や対応をお願いしたい。
E28: ③ | F28: 外商投資法および外商投資法実施条例の細則整備 | G28: 外商投資法および外商投資法実施条例が2020年1月より施行され、既存の外商投資企業は2025年1月1日より前に、組織形態や組織機構の調整を完了する必要があるとされるなど、実務上、大きな制度変更に直面した。一方で、実務上の細則等の法令について適宜に十分な整備がされず、企業側に混乱が生じた。今後、細則の整備にあたっては、外商投資法に則り、適時に外国商会や外資企業の意見を聴取し、反映するよう要望する。さらに、外商投資法実施条例の第29条、第30条に規定されている「外商投資企業クレーム申告業務メカニズム」について、実務上適切に運用されるよう要望する。
E29: ④ | F29: 「信頼できないエンティティ・リスト規定」「反外国制裁法」の公平・透明な運用 | G29: 2020年9月施行の「信頼できないエンティティ・リスト規定」について、処罰対象となる行為として提示されている「中国の国家主権、安全、利益の発展への危害」「正常な市場取引原則への違反」や「差別的措置」などが不明確な概念となっている。商務部等の関連部門においての同制度の運用にあたり、下位法令等により、これらの概念をより明確化することを要望する。また、2021年6月施行の「反外国制裁法」についても、2025年3月に実施規定が発表されたものの、制裁対象の認定に関しては引き続き曖昧さを残している。これらは米中摩擦も制定の背景として指摘されるところ、日系企業が米中間の対抗措置や恣意的な運用の対象とならないよう要望する。このほか、手続の透明性や公正性の確保、ならびに日系企業の意見に十分な配慮を要望する。
E30: ⑤ | F30: 「外国の法律および措置の不当な域外適用を阻止する規則」の運用基準明確化 | G30: 2021年1月施行の「外国の法律および措置の不当な域外適用を阻止する規則」について、中国政府が「不当な域外適用の状況にある」と判断した場合は、中国の法人等がその他国の制裁法規等に従うことへの禁止令を発出できるとされている。一方で、「不当な域外適用の状況」といった概念があいまいであり、ビジネス上の予見性の著しい低下につながっている。どのような場合に同規則が適用されるのか等の判断基準を明確にするよう要望する。また、日系企業へ恣意的に適用することのないよう要望する。
E31: ⑥ | F31: 「外商投資安全審査弁法」の対象範囲明確化 | G31: 2021年1月施行の「外商投資安全審査弁法」について、同弁法により、グリーンフィールド投資にまで外商投資の審査範囲が拡大された。かつ、審査範囲について明確な定義がないことから、審査当局に幅広い解釈の余地を残していることが指摘されている。自主申告が必要な範囲とされている「重要インフラ」「重要技術」「重要情報技術およびインターネット製品・サービス」などの範囲につき、いっそうの明確化を要望する。
C32: 2.対外開放の拡大 | E32: ⑦ | F32: 外商投資参入特別管理措置（ネガティブリスト）のさらなる緩和 | G32: 2024年11月1日に施行された「外商投資参入特別管理措置（ネガティブリスト）（2024年版）」では、制限・禁止条項が2020年版の31項目から29項目に減少し、一定の緩和が進んだ。これにより、製造業についてネガティブリスト上の参入規制は撤廃されたことを評価する。引き続き、制限・禁止項目の調整・削減にあたっては、具体的にどのようなケース、業態であれば実際に参入できるのか、解釈や解説、ガイドライン等を併せて示すことによって明確化し、かつ、その内容が行政の各レベルにおいて徹底されるような環境整備や指導を要望する。
E33: ⑧ | F33: 規制緩和に向けた体制整備 | G33: 各種ネガティブリストの改定や、企業が新たな分野への参入を模索する中で、「外商投資参入特別管理措置（ネガティブリスト）（2024年版）」や「市場参入ネガティブリスト（2025年版）」では制限されていないが、他の関連法令によって外資への開放分野が事実上制限されており、参入が難しいといった事例が生じる場合がある。例として、「外商投資参入特別管理措置」において、「インターネットカルチャーに関する商品の経営（音楽を除く）」という表現があり、「音楽を除く」となっていることから、外資がインターネット音楽商品を取り扱う可能性を見出せるが、実際は「ネットワーク出版サービス管理規定（工業情報化部、旧国家新聞出版広電総局）」の存在等により難しいとされる。外商投資法の大きな柱である「参入前の内国民待遇とネガティブリストによる外資投資管理制度」や「外商投資企業への公平な競争環境の確立」の実現にあたり、そういった事例に対応するため、国家発展改革委員会や商務部などに対応窓口を設け、問題の把握を行うとともに関連部門との連携により必要な関連法令の改正を行うことができるよう、体制の整備を要望する。
C34: 3.政府の規制運用・手続の明確化・簡素化 | E34: ⑨ | F34: 公的標準策定プロセスの運営方法統一と透明性・公平性の向上 | G34: 国家標準、業界標準などの公的標準策定プロセスにおいて、例えば会員資格、会員費用などを内資・外資で区別されることが依然として見られるなど、標準工作組によって運営方法が統一されておらず透明性に欠ける。「外商投資企業標準化作業指導意見」が公布され、外商企業と内資企業が標準化活動で同等の待遇を得るとの方針が示されたことは高く評価するが、この方針に則った対応が徹底されるとともに、標準化活動にかかる策定・改定過程は、公開を原則とし、外国企業の標準化技術委員会や標準化策定工作組などへの参加を中国企業と同等の条件とするなど、外資企業の参画も容易にすることで透明性と公平性を高めるよう要望する。また、国家標準の解釈や制度運用による混乱を防ぎ、認証、試験等にかかわる、さらなる手続透明化と合理化を図ることを要望する。
E35: ⑩ | F35: 標準・認証関連情報の適切な開示と公布から実施までの十分な猶予期間の設定 | G35: 強制標準や認証等の実施に当たり、企業に影響を与える規定や内部書簡、解釈、説明会の開催情報と一般的な質疑応答（FAQ）等に関する情報は、会議の開催を通じて内容を伝えるだけではなく、関連するすべての機関・部門のホームページ上に即時かつ正式に公布するよう要望する。また、標準の公布日から実施日まで、十分な猶予期間を取るよう要望する。特に強制標準については、公に誰もが入手可能となった日を起算日として、1年から3年程度の猶予期間を確保するべきである。強制標準の実施に伴って企業が対応措置を取る際に、並列標準が未公布であることにより、強制標準の実施日前に対応が完了できないことがある。強制標準とその並列標準については同時に公布するよう要望する。
E36: ⑪ | F36: 国有資産の譲渡手続の簡素化・明確化 | G36: 国有資産の譲渡手続につき、｢会社法｣「企業国有資産取引監督管理弁法」等に基づき、通常の持分譲渡手続に加え、国有資産譲渡の審査・認可取得、資産評価、公開取引等の一連の手続も必要とされ、実務上で所用期間が相当必要となるため関連手続の簡素化を要望する。また、国有資産譲渡に該当するかの判断基準をより明確にするよう要望する。例として、重大資産の定義の明確化などがある。
E37: ⑫ | F37: 事業再編手続の簡素化 | G37: 市場経済化が進展する中で、競争の活性化を通じて、事業再編を余儀なくされる企業が出ることは自然な流れであり、撤退、分割、合併といった事業再編にかかわる時間的、費用的負担を軽減する制度整備を要望する。2020年1月に施行されたビジネス環境改善条例においても関連する方針が示されているが、税務登記抹消にかかる時間短縮の実現や、登記簡易抹消プロセスにおける関連政府当局間の認識のばらつきの是正などが求められている。こうした措置により、予見可能性が向上し、却って新たな投資をもたらすことや、中国の産業構造の適正化につながることが期待される。
E38: ⑬ | F38: 株式譲渡に関する手続の明確化・簡素化 | G38: 外国企業（非居住者企業）間における中国国内企業の株式譲渡において、株式を売却する外国企業は「企業所得税法」および実施条例、「印紙税法」に基づいて、譲渡完了日から15日以内に譲渡対象企業が所在する地域の税務局に企業所得税および印紙税の納税申告を行う必要がある。実際には中国の代理人を起用して納税申告することが一般的となっているが、この方法であると申告漏れが発生する恐れもある。例えば、譲渡対象企業が株主名簿変更等の手続を行う際に同時に代理申告する仕組みにするなど、中国国内に所在する企業が代理申告、源泉徴収の義務を負うのが望ましいと考えるが、現状は明確な規定がない。企業投資性資産の入替え促進や申告漏れによるコンプライアンスリスク低減の観点から、譲渡や減資等にかかる手続の明確化ならびに簡素化を要望する。
E39: ⑭ | F39: 土地使用許可更新に関する詳細規定の制定 | G39: 土地使用許可について、1990年制定の「都市国有地使用権譲渡および再譲渡暫定施行条例」において、工業用地の最長使用期限は50年と定められている。同時に、現地政府からの要求で同条例にて規定された最長期限よりも短い期間での土地使用契約が求められた場合もあり、90年代に中国に進出した日系企業の中には、土地使用期限が近付いている企業も現れている。一方で、土地使用期限の更新にあたり、必要な手続や費用などの詳細について、国による統一的な基準が定められていない。近い将来多くの企業が土地使用契約の更新時期を迎えることが予想されており、混乱を避けるために、早期の詳細規定の制定を要望する。
E40: ⑮ | F40: 外国人の法定代表者によるオンライン手続 | G40: 法定代表者が外国人である外資企業は数多く存在する。外国人が法定代表者の場合、実名認証のための顔認証によるオンライン上の操作ができないケースがある。このため、董事変更、経営範囲変更等企業登録および届出手続を申請する際に、法定代表者本人が窓口で手続を行うか、もしくは授権委託書にて代理人が対応することが必要になるため、企業登録および届出手続の簡素化を要望する。なお、法定代表者が海外にいる場合は海外で関連法的文書を署名した上で送付する必要もあり、手続上の負担が生じている。各地の市場監督管理部門においてシステムを改善し、外国人が法定代表者であっても、オンライン上での手続に支障が出ないことを要望する。
E41: ⑯ | F41: 政府関連対外部署の対応窓口指定 | G41: 外資企業の企業運営においては、国内企業と比較して外国人・海外株主などの特殊要因が国内企業よりも多い。円滑な企業運営のために、事前に市場監督管理局や税務局などに問い合わせることが多いが、当局の運営は受付窓口制となっている。そのため、同一の問い合わせ内容について、異なる受付窓口から異なる指摘・回答を受領するといったケースが散見される。受付窓口制の背景が人員配置の効率化であることは理解するが、問い合わせを行う側の企業にとっては必ずしも適切な回答を受けられない場合がある。以上の背景から、外資企業の問い合わせに対しては対応窓口の指定を要望する。
C42: 4.情報公開の推進 | E42: ⑰ | F42: 連続的・継続的な統計・調査データの発表 | G42: 国家統計局発表のデータにつき、2023年から固定資産投資額について統計範囲が変更され、前年の数値との連続性がなくなっている。また、16～24歳の都市部調査失業率は2023年6月分を最後に発表が停止され、2024年1月に新たな定義のもとに発表が再開された。統計・調査データをより実態に即したものにするための制度変更の必要性は理解できる一方、投資判断にあたりデータの連続性・継続性は極めて重要なものである。政府機関による統計・調査データは可能な限り継続して発表し、定義を変更する場合は可能な限り過去にさかのぼって既存のデータを改訂するなどの対応を要望する。
E43: ⑱ | F43: 企業支援策の統一的な情報提供 | G43: 中央および地方政府は、産業振興のための各種の企業支援制度を定めており、多くの場合外資系企業も対象となっていることを高く評価する。一方で国、省、地級市など複数の行政レベルで、複数の行政部門がそれぞれ制度を定めているため、外資系企業にとって、自身が利用できる支援策の把握が難しくなっている。統一的に全国の企業支援制度が一覧できるような情報提供を要望する。
B45: 第2部 第3章 競争法
C46: 大項目 | D46: 中項目 | E46: 番号 | F46: 建議タイトル | G46: 建議内容
C47: 1.中国における競争法関連法令の全般について | E47: ① | F47: 「独占禁止法」に基づく関連の実施細則と運用ガイドラインの改正の早期完了 | G47: 2025年には、多数の独占禁止法関連規定やガイドライン、規範類が相次いで公布された。中国の独占禁止法制度はますます整備が進んでおり、この点は評価に値する。一方で、一部の関連実施細則や運用ガイドラインについては、いまだ十分な改正が行われていない。未改正の実施細則および運用ガイドラインについても、早期に改正・公布を完了していただくよう要望する。
E48: ② | F48: 加重処罰適用要件と処罰確定基準の明確化 | G48: 改正「独占禁止法」には、2倍から5倍までの加重処罰制度が導入された。しかし、加重処罰の適用要件である「本法に違反し、情状が特に深刻で、影響が極めて悪質かつ重大な結果をもたらした場合」および処罰額の算定基準については、詳細なガイドライン等が公布されておらず、依然として不明瞭である。そのため、これらの要件および基準を明確にしていただくよう要望する。
E49: ③ | F49: 「外商投資安全審査弁法」のさらなる整備 | G49: 「外商投資安全審査弁法」は2021年1月18日に施行されたものの、その適用範囲に含まれる具体的な業種や、審査・決定の基準、審査プロセスの詳細などがいまだ不明確である。このため、ガイドラインおよび実施細則を早急に公布し、これらの点を明白にしていただくよう要望する。
E50: ④ | F50: 標準必須特許の開示義務の軽減、善意交渉制度の具体的な運用方法の明確化 | G50: 2024年11月4日に公布された「標準必須特許独占禁止指導」は、現行の「知的財産権の濫用による競争の排除および制限行為の禁止に関する規定」および「知的財産権の分野に関する独占禁止ガイドライン」に基づき、標準必須特許（SEP）分野における独占禁止制度をさらに整備したものであり、この点は評価に値する。しかしながら、当該指導では事業者に対して過度に厳格な標準必須特許情報の開示義務が課されており、これが標準の普及・実施を阻害するおそれがある。そのため、事業者の開示義務を適切に軽減していただくよう要望する。また、当該指導ではFRAND原則の具体的な実現手段として「善意交渉」が取り上げられ、その手続や要件が規定されているが、内容がなお抽象的である。このため、善意交渉制度の詳細な運用方法を示していただくよう要望する。
E51: ⑤ | F51: 「事業者団体に関する独占禁止ガイドライン」のさらなる具体化 | G51: 2024年1月10日に公布・施行された「事業者団体に関する独占禁止ガイドライン」は、独占禁止の分野における事業者団体の自主的な規制業務、および主管機関の監督管理業務に対する指導を提供するものであり、事業者団体による独占禁止コンプライアンスの強化にとって重要な意義を有している。しかし、同ガイドラインの一部の規定（例えば、独占的協定の適用除外制度や事業者団体の内部コンプライアンス管理など）については、それらの内容をよりいっそう充実するよう要望する。
C52: 2.独占的協定について | E52: ⑥ | F52: アルゴリズム共謀の認定基準の明確化 | G52: 「独占的協定の禁止に関する規定」の第13条は、競争関係にある事業者がアルゴリズムを利用して独占禁止法で禁止される独占的協定を締結することを禁じており、デジタル経済の下で顕在化する新たな独占リスクに対応する点で重要な意義を有する。しかし、現行の法規制においては、いわゆる「アルゴリズム共謀」の具体的な概念、構成要件および典型的な行為態様がなおも明確にされておらず、事業者がアルゴリズムの設計・利用の許容範囲を正確に判断し、的確なコンプライアンス対応を行う上での障害となっている。このため、規定の明確性および予見可能性を高める観点から、現行条文を基礎として、アルゴリズムを利用した独占的協定の認定基準をさらに具体化し、どのような場合がアルゴリズム共謀に該当し得るのか、また、どのような場合が適法なアルゴリズム利用に当たるのかを明確にしていただくよう要望する。これにより、アルゴリズムが独占行為に利用されることを有効に防止・規制するとともに、事業者の通常の事業活動および技術革新のニーズにも十分配慮することが可能となる。
E53: ⑦ | F53: セーフハーバー制度の適用基準の調整・明確化、同制度の適用範囲の拡大 | G53: 改正された「独占禁止法」は、セーフハーバー制度を導入し、事業者の市場シェアが一定の基準に達していない場合における垂直的協定の適用除外を定めている。2025年12月29日、国家市場監督管理総局は、「『独占的協定の禁止に関する規定』の改正に関する決定」を公布し、セーフハーバー制度の適用基準を具体化することで、同制度の実用性を高めた。この点については評価することができる。しかしながら、同規定における適用基準、特に垂直的価格協定に関する基準は過度に厳格である。今後は、セーフハーバー制度の適用ハードルをさらに引き下げるとともに、関連市場における市場シェアおよび売上高の算定方法を明確にしていただくよう要望する。また、改正された「独占禁止法」においては、水平的協定へのセーフハーバー制度の適用が除外されており、市場の長期的かつ健全な発展に有益な市場シェアの低い企業間の提携がある程度において制限されているため、セーフハーバー制度の適用範囲を水平的協定にも拡大していただくよう要望する。
E54: ⑧ | F54: 垂直的協定におけるリニエンシー制度の適用可否の解明 | G54: 「独占的協定の禁止に関する規定」においては、リニエンシー制度の申請・認定手続がさらに精緻化されたものであり、この点については評価することができる。一方で、同規定は、リニエンシー制度の適用範囲を水平的協定の場合に限定せず、「事業者が独占的協定を締結する場合」に包括的に規定しているが、当該制度が実務上垂直的協定に適用するかどうかについては、なおも不明確であり、解明していただくよう要望する。
E55: ⑨ | F55: 個人を対象とする責任追及制度の運用基準の明確化 | G55: 独占的協定に対する規制について、改正された「独占禁止法」においては個人を対象とする責任追及制度が導入されており、2025年にはすでに関連処罰事例も見られるものの、その規定は依然として原則的なものにとどまっていることから、早急な実施細則およびガイドラインの公開等を通じて同制度の運用基準の詳細を明確にしていただくよう要望する。
C56: 3.市場支配的地位の濫用について | E56: ⑩ | F56: 大型企業等による優越的地位の濫用に対する規制における不明確な点の解明 | G56: 2025年の6月に公布された「不正競争防止法」の第15条においては、大型企業等による優越的地位の濫用に対する規制が導入されている。当該規制は中小企業の利益を守るためには有益である。その一方、「大型企業等」の定義や範囲、「優越的地位」および「明らかに不合理」の認定基準などには、なおも不明確な点が残されている。市場における企業の競争行為を過度に萎縮させないためにも、上記の不明確な点を解明していただくよう要望する。
E57: ⑪ | F57: 買掛金・代金決済をめぐる大手企業への指導の提供 | G57: 大手企業から下請業者に対する、代金支払遅延等の市場における優位性の濫用行為に対する防止策として、国務院は「中小企業代金支払保障条例」や「ビジネス環境改善条例」等を公布および実施している。2025年3月、国務院は改正した「中小企業代金支払保障条例」を公布し、大企業による支払遅延行為へのさらなる規制を目指している。これらの条例の徹底化に向けて、中国の国有企業をはじめとする大手企業に、買掛金や代金の支払を取引契約のとおりに履行するよう、政府による指導を行っていただくよう要望する。
E58: ⑫ | F58: 知的財産権への過度な制限の緩和 | G58: 知的財産権の行使時に考慮すべき独占禁止法運用上の原則について、「知的財産権の分野に関する独占禁止ガイドライン」にも定められているとおり、FRAND原則の適用を受ける旨の宣言の有無を問わず、標準必須特許か、それとも標準必須特許ではない特許かにかかわらずにFRAND条件の下におけるライセンスの実施を一律に強制するように、知的財産権を過度に制限し、イノベーションを阻害するのではないかという懸念も生まれている。特許権の独占的かつ排他的な権利という法的性質を考慮し、世界各国の法令運用の実状を踏まえた上で、法令およびガイドラインを整合的に運用していただくよう要望する。
C59: 4. 企業結合について | E59: ⑬ | F59: 企業結合届出・審査制度における不明確な点の解明 | G59: 改正された「独占禁止法」においては、企業結合の分類・分級審査制度や重点分野に対する規制の強化等も明確にされており、この点については評価に値する。一方、企業結合届出の時点における「企業結合」および「支配力」の構成要件、企業結合届出の要否の判断基準、審査・決定上の基準や考え方には、なおも不明確な点が残されており、事業者側の判断が困難となるケースが存在している。「企業結合審査規定」の公布・実施により、前述の不明確な点はある程度解明されたものの、そのうちに特に「支配力」の構成要件は依然として明確化されていない。これらの基準や考え方については、実施細則およびガイドラインの公布等を通じて明確にしていただくよう要望する。
E60: ⑭ | F60: 簡易届出制度の運用上のさらなる改善、案件受理・審査期間の短縮 | G60: 企業結合の届出時においては、書類の提出から正式な案件受理までの期間はケースによって異なっており、長期化する場合もある。簡易届出制度の運用上の改善や、一部の簡易届出制度適用案件審査権限の地方独占禁止法執行機関への委譲等を通じて改善されてきてはいるものの、案件の受理や審査に要する期間については、関連制度の運用上のさらなる改善を通じ、これを短縮していただくよう要望する。
C61: 5.行政権力の濫用による競争の排除および制限について | E61: ⑮ | F61: 行政権力の濫用による競争の排除および制限行為に対する規制の整備 | G61: 「独占禁止法」においては、行政権力の濫用による競争の排除および制限行為に対する罰則は、上級当局による是正命令および直接の責任者に対する処分のみであり、独占禁止法の執行機関は、関連する上級当局に対して法による処理の勧告を行う権限のみを有しており、行政機関または法律法規の授権により公共事務を管理する権限を有する組織による独占的行為に対する抑止力に欠けている。ゆえに、行政的な独占的行為に対する行政機関または法律法規の授権により公共事務を管理する権限を有する組織への罰則が適切に強化されること、およびこれらの行政機関・組織に行政的な独占的行為により損害を受けた事業者への損害賠償責任が課されることが望まれる。同時に、行政的な独占的行為により利益を享受した事業者に対しても、事実関係に基づいて法的責任を追及していただくよう要望する。
C62: 6.商業賄賂について | E62: ⑯ | F62: 「不正競争防止法」における商業賄賂関連規制の整備 | G62: 改正された「不正競争防止法」は、組織および個人が賄賂を収受してはならない旨を新たに規定しており、この点については評価に値する。しかしながら、同法における商業賄賂に関する規定には、商業賄賂の認定にかかわるコミッションおよび値引きの「事実通りの記帳」に対する判断基準、「職権または影響力を利用して取引に影響を及ぼす組織または個人」の具体的な範囲、商業賄賂と認定された場合において科せられ得る罰則の適用基準の面においても不明確な点が残されており、これらの基準も明確にしていただくよう要望する。
B64: 第2部 第4章 税務・会計
C65: 大項目 | D65: 中項目 | E65: 番号 | F65: 建議タイトル | G65: 建議内容
C66: 1.税務 | D66: (１)制度運用／税収管理 | E66: ① | F66: 税収徴収管理の安定化 | G66: 税収徴収管理に係る法規解釈における地域差や当局担当者による差異をなくし、法規解釈の統一性および納税者の予見性を担保するため、北京市や上海市で現在試行されている事前確認制度の運用を安定的に行うとともに、同制度が全国的に実施されることを要望する。
E67: ② | F67: 重点企業グループに対する管理強化 | G67: 重点企業グループの管理強化のため、税務局は「千戸集団」を設定し、対象となる企業に対して各種の財務・税務データの提供を求めているところ、とりわけ電子データの収集および提出が企業に莫大な作業量をもたらしていることから、税務局においてそれらデータを要求しないよう要望する。
D68: (２)所得税（個人所得税・企業所得税） | E68: ③ | F68: 外国籍人員に対する免税措置の恒久化 | G68: 外国籍人員が適用可能な免税措置（住宅手当、言語訓練費、子女教育費）が廃止された場合、外国籍人員の個人所得税が大幅増になることが見込まれるため、当該措置の無期限延長を要望する。また、中国国内においては社会保険料（会社負担分）が免税であるため、整合性を取って海外社会保険料（会社負担分）も免税にすることを要望する。
E69: ④ | F69: 法人に対する連結納税制度の導入 | G69: 中国の企業所得税法および関連法規においては、連結納税制度が認められていない。新規投資を促進するために、特定の条件下において連結納税制度を認め、日系企業の中国新規投資に対する1つの誘引条件と位置づけることを要望する。
E70: ⑤ | F70: 欠損金の繰り戻し還付 | G70: 企業の資金繰りをサポートするとともに、経営判断に前向きな影響を与えるために、一定の条件下において、欠損金の繰り戻し還付を認めることを要望する。
E71: ⑥ | F71: 組織再編上の課税 | G71: グループ会社の組織再編を進めるにあたり、実務面において行政手続の要件が不明瞭で手続も煩雑である。例えば、企業負担の軽減を目的とする課税繰延に係る特殊税務処理の適用条件にいまだに不明確な部分があるところ、組織再編がスムーズに進められるよう関連規定および手続のさらなる明確化を要望する。
E72: ⑦ | F72: 租税条約における源泉税率 | G72: 「所得に対する租税に関する二重課税の回避および脱税の防止のための日本国政府と中華人民共和国政府との間の協定（日中租税条約)」における配当所得の企業所得税率は10％だが、これは中国が香港やシンガポール等と締結している租税条約と比して高い水準にあり、軽減を要望する。
E73: ⑧ | F73: 役務提供・出向者へのPE課税の拡大解釈 | G73: 日本から中国への役務提供に係るPE（Permanent Establishment＝恒久的施設）認定の基準が不明確であり、中国における連続的な活動を伴わないにもかかわらずPE認定を受け、対価の支払いにおいてみなし利益率を乗じた推定課税により法人所得税の源泉徴収が要求される事例が発生している。また、中国の各管轄区域が各状況においてPEの存在をどのように決定しているかが不明で、かつ、実際にPEによる税務申告義務をどのように進めるかについての明確なガイダンスもないため、これらの改善および明確化を要望する。
D74: (３)移転価格税制 | E74: ⑨ | F74: 移転価格調査における税務機関の姿勢 | G74: 移転価格調査において、グローバル経済動向や企業のビジネス展開、地域性といった企業の実態があまり認められず、企業としては二重課税排除のために相互協議を希望する場合であっても、課税当局側からその適用対象外となる自主調整を慫慂され、結果として二重課税が排除されないケースもある。また、中国の移転価格税制においては他の諸外国と異なり、四分位レンジを使わずに比較対象企業の中央値を基準にして更正される。二重課税排除のための改善や原則として四分位レンジ全体を適切な利益率として判断できるような対応を要望する。
E75: ⑩ | F75: 日中APAの申請手続のさらなる円滑化 | G75: 二国APAの申請にあたり、長期間に渡る調整や審査が必要になる。その間、税務局による調査が停止されないケースもあり、税務局にて窓口を一本化した対応を行ってもらいたい。二国間相互協議についても納税者の長期にわたる不安定な状況を排除するため、円滑に機能するよう要望する。
D76: (４) 印紙税 | E76: ⑪ | F76: 印紙税法における海外企業への課税 | G76: 新・印紙税法により、海外企業が一定の取引を行うと海外企業側でも納税義務を負うこととなった。日本では国外で作成された契約書等に印紙税が課税されることはなく、当該規定の見直しを希望する。また、海外企業の納付にあたり明確な実施細則がなく、税務局によっても見解が異なる。具体的な実務運用に関するガイドラインの発行を要望する。
D77: (５) 増値税 | E77: ⑫ | F77: 増値税の仕入税額控除対象の拡大 | G77: 2026年1月1日から施行された増値税法において従前の実務課題が明確化されたが、依然として「直接関連」の判断基準等、よりいっそう明確化・具体化することを期待・要望する。
E78: ⑬ | F78: 留保額還付手続における実務運用 | G78: 増値税控除留保額について条件を満たすと還付が行われるが、還付申請を実施したところ、税務局から問題点の指摘がなされないまま還付申請を取り消すよう連絡を受け、さらに申請を取り消さない場合は調査が実施される可能性があるとの話も受けた。還付申請ができない場合の理由説明など、制度利用を促す運用を要望する。
D79: (６)税務調査 | E79: ⑭ | F79: 法に基づいた税務調査における執行の担保 | G79: 税務調査の現場で散見される短期間での納税慫慂や、自主検査にもかかわらず明示される追徴税額（希望額）など、租税法律主義の原則から逸脱した執行方針については、厳に慎むよう現場に強く指導されることを要望する。
C80: 2. 会計 | E80: ⑮ | F80: 企業の自主的判断での決算期設定 | G80: 現在グローバルベースでIFRS（国際財務報告基準）への移行が検討されているなかで、連結決算対応の観点より、現在の中国における12月決算のみではなく、企業の自主的判断で決算期の設定を可能とする中国企業会計制度の柔軟な適用を要望する。
E81: ⑯ | F81: 新会計準則移行措置の統一とIFRSコンバージェンスの促進 | G81: 新しい企業会計準則への移行措置が各地で異なっており、今後義務化するにあたり事前準備期間を考慮したうえで全国一律の対応を要望する。また、当該準則は2012年に欧州委員会によりIFRSと同等と認められたが、一部の処理において依然として差異が存在する。今後よりいっそうのコンバージェンスへの取り組みを要望する。
B83: 第2部 第5章 労務
C84: 大項目 | D84: 中項目 | E84: 番号 | F84: 建議タイトル | G84: 建議内容
C85: 1. 就労および出入国関連 | E85: ① | F85: 日本人入国ビザ免除政策の常態化 | G85: 海外と中国の持続的な人員往来の利便性を図るため、中国政府による日本などを含む公民に対するビザ免除政策が2026年12月31日まで延長され、日本の一般パスポート所持者が30日を超えない訪中ビジネス、観光、親戚・友人訪問、交流訪問をする場合、ノービザで入国することができる。日中経済貿易と文化協力のさらなる促進に役立つ当該ビザ免除政策の継続的な実施を歓迎する。一方で、中国政府には、2026年12月31日以降も引き続きビザ免除政策を常態的に施行することを要望する。
E86: ② | F86: 旧パスポート提出の不要化、申請書類の簡素化 | G86: ビザ、居留許可などの手続で、旧パスポート原本の提出を求められるケースがあり、提供できない場合は書面の説明書類を提出するよう求められることが、外国人に一定の不便を与えている。中国在外公館および各地の出入国管理部門において可能な限り各申請書類を簡素化し、旧パスポート原本やその他書面説明書類の提出を不要とする、もしくはビザや居留許可の申請が2回目以降の外国人に対しては、旧パスポート原本その他書面説明書類の提出を免除することを要望する。
E87: ③ | F87: 外国人の指紋・顔写真などの情報採取回数の削減 | G87: 中華人民共和国駐日本国大使館が発表した「短期ビザ申請者に対する指紋採取免除のお知らせ」によれば、日本の中国ビザ発行機関は2026年12月31日までの期間、滞在期間180日間以内の短期ビザ申請者に対して指紋採取を免除している。本政策が2026年12月31日以降も継続的に実施されること、また、指紋採取免除者範囲のいっそうの緩和を要望する。外国人の入国手続や居留許可などその他手続上においても、国家移民管理局における管理措置の最適化、外国人の指紋、顔情報の収集回数の削減を要望する。
E88: ④ | F88: S2ビザ申請条件の緩和 | G88: 中国の春節（旧正月）、国慶節（建国記念日）などの伝統的祝日や、日本の冬期休暇、夏期休暇、ゴールデンウィーク休暇、年末年始休暇などの長期休暇の時期には、外国籍駐在員の親族が訪中する需要が高まることから、S2ビザの申請条件を緩和·簡素化し、S2ビザ申請時における外国籍駐在員が保有する居留許可の残存期間制限撤廃を要望する。
E89: ⑤ | F89: 新たな政策施行前の十分な告知、移行期間の確保 | G89: 感染症対策などの特殊な事情である場合を除き、外国人に対するビザ免除政策、ビザ、就業、居留許可などの申請手続および申請資料などの政策に変更が生じた場合、中国在外公館、出入国管理部門などの関連部門に対し、公式サイト、公式アカウントなど各種ルートを通じて新たな政策について十分告知し、施行開始の少なくとも1週間以上前から移行期間を設けることを要望する。
E90: ⑥ | F90: 外国人の勤務先・居住都市変更による就業·居留手続のさらなる簡素化 | G90: 外国人の勤務先や居住都市に変更がある場合、就労許可証と居留許可証は通常「抹消後、改めて新規手続する」必要があり、外国人に手続上の大きな負担を与えている。科学技術部と出入国管理部門が、外国人が勤務先や居住都市を変更するために必要な就業許可証、および居留許可証の手続プロセスと申請資料をさらに簡素化することにより、外国人の移転が容易になることを要望する。
E91: ⑦ | F91: 外国人帰国者の銀行口座凍結措置の撤廃、または国外での凍結解除手続の許可 | G91: 外国人が自国に帰国後、中国国内で開設した銀行口座が中国ビザまたは居留許可の期限が切れたことにより一定期間後に凍結され、口座の凍結解除手続を行うには、本人が中国に戻り国内の銀行で手続をしなければならない。帰国者の中国への再入国には一定の負担があるため、中国人民銀行において外国人帰国者の銀行口座凍結措置を撤廃する、もしくは国外での凍結解除手続を可能とする便宜措置を設けることを要望する。
C92: 2. 社会保障 | E92: ⑧ | F92: 外国人の医療保険などその他社会保険項目の強制納付義務の免除 | G92: 「社会保障に関する日本国政府と中華人民共和国との間の協定」により、外商投資企業と外国人の社会保険料納付負担を効果的に軽減し、同様に基本養老保険以外の医療保険、労災保険、失業保険およびその他社会保険項目についても、関連法律の規定に対する相応の改正を行い、外国人の強制納付義務を免除し、中国国内で納付するかどうかを自身で決定できるようにすることを要望する。
C93: 3. 労働管理 | E93: ⑨ | F93: 「月間残業時間が36時間を超えてはならない」という強制規定の見直し | G93: 人社部は「労働法」における「月間残業時間が36時間を超えてはならない」という強制規定を見直し、企業と従業員や労働組合が協議のうえ合意後、労働行政部門に特別申請を行うことにより月々の残業時間上限を柔軟な方法で合理的に設定することを許可するよう要望する。
E94: ⑩ | F94: 女性従業員の身分定義基準の明確化、女性従業員の統一的退職年齢基準の制定 | G94: 全国人民代表大会常務委員会は2024年9月13日、「法定定年退職年齢の漸進的延長実施に関する決定」を公布し、同日に国務院は「法定定年退職年齢の漸進的延長に関する弁法」を公布した。従来と同様、女性従業員の退職年齢は延長後も一般従業員および幹部の身分に基づき区分されるが、地域によって女性労働者と女性幹部の身分定義基準が明確ではないため、人社部において、区分基準を明確にするか、統一的な女性従業員の退職年齢基準を制定することを要望する。
E95: ⑪ | F95: 医療期間関連の法律整備、および重症・軽症による医療期間を明確に区分する | G95: 一部の従業員が医療期間の規定を悪用し「軽症での長期休暇申請」などの現象が広く存在している。現在の医療期間は主に従業員の勤続年数を基準に計算されるため、勤続年数が比較的長い一部の従業員が、軽症でありながら最長医療期間を享受することにより企業の雇用負担を重くしており、企業の雇用管理上不利になっている。人社部および関連主管部門において、医療期間関連の法律·法規をいっそう整備し、勤続年数を根拠とした上で、重症か軽症かによって医療期間を明確に区分し、病症の程度によって合理的な医療期間を設け、企業の雇用コストを緩和すると同時に、医療資源の浪費を回避するよう要望する。
C96: 4.その他 | E96: ⑫ | F96: 柔軟な雇用など新たな各種就業形態に対する労働紛争処理規則の制定 | G96: 柔軟な雇用など新たな就業形態に伴って、労働紛争関連の新たな問題が生じている。柔軟な雇用に属する従業員の労災事件を処理する際の「就業時間」「職場」「休業賃金留保期間」などの事項に関する認定基準の具体的な紛争解決ルールが現時点で不足しているため、中央政府レベルでの明確化を要望する。
E97: ⑬ | F97: 労務派遣に関する統一的な運用規則の制定 | G97: 人社部は「労務派遣暫定規定」を打ち出しているが、労務派遣に関する規定の具体的な執行には各地で差異がある。例えば、特定の職位に対して労務派遣を許可するかどうかなど、人社部が統一的な労務派遣制度の運用規則を制定し、各地の自主裁量によって生じる地域差を最小限に抑えることを要望する。
E98: ⑭ | F98: 在職者による労働紛争に対する「迅速結審」および「一裁終局」制度の適用 | G98: 近年、日系企業が業務規模の縮小や事業調整などにより企業内の組織構造の調整を余儀なくされる状況が増加しており、職位調整、降格、賃下げによる労働紛争（以下、在職労働紛争）が増加傾向にある。在職労働紛争を遅滞なく解決できない場合、企業・従業員間の信頼関係の破綻や紛争の複雑化、企業の雇用コストが長引くなど一連の問題に容易に繋がり、職場環境および労働秩序に負の影響を与え、労働者本人・企業いずれにとっても非常に不利である。労使関係を短期間内に安定させ、業務秩序を回復し、投資環境を最適化するため、労働仲裁機構および司法機関において、在職労働紛争に対して「迅速結審制度」（30日以内の結審など）および「一裁終局制度」を適用することを要望する。
B100: 第2部 第6章 知的財産権
C101: 大項目 | D101: 中項目 | E101: 番号 | F101: 建議タイトル | G101: 建議内容
C102: １. 知的財産の適切な保護の促進 | D102: (１) 出願権利化プロセス・保護期間の合理化・適正化（建議先：国家知識産権局） | E102: ① | F102: 意匠制度の見直し | G102: 意匠について、審査主義（実体審査制度）の導入を要望する。また、遅延審査制度が2024年1月施行の専利審査指南により柔軟化されたところではあるが、早期権利化とその公開時期の遅延を実現する秘密意匠制度を導入することを要望する。また、存続期間を日本、欧州、韓国と同等まで引き上げること、自己開示による新規性喪失の例外適用も導入することを要望する。
E103: ② | F103: 外国の著名商標保護強化 | G103: 外国の著名商標が悪意に先取りされる事例が引き続き生じていることから、商標不登録事由に「外国で周知・著名な商標を複製、模倣または翻訳した商標」を加えて明確化することにより、外国の著名商標の悪意による商標出願が審査で確実に拒絶されるとともに、異議申立および無効審判により排除しやすくなる事を要望する。
E104: ③ | F104: 商標審査における意見書提出機会の付与 | G104: 商標出願を拒絶する場合、その理由を、拒絶決定前に出願人に通知するとともに、同拒絶理由に対して、審査段階で反論する機会を出願人に与えることを要望する。
E105: ④ | F105: 「商標法」第10条第1項第7号の適用範囲の明確化 | G105: 商標法第10条第1項第7号の「商品の品質等の特徴の誤認を生じさせやすいもの」という商標として使用してはならない標識の規定について、商標審査審理指南において、どのような標識がこれに該当するかの具体的な事例を追加しつつ、同号の適用範囲のさらなる明確化を要望する。
E106: ⑤ | F106: 商標法第10条第1項第8号の適用範囲の明確化 | G106: 商標法第10条第1項第8号「社会主義の道徳、風習を害し、またはその他の悪影響を及ぼすもの」について、商標審査審理指南において、どのような商標がこれに該当するかの具体的な事例を追加しつつ、同号の適用範囲のさらなる明確化を要望する。
...

Sheet 【参考】2025年 建議一覧
B1: 2025年版白書 建議一覧 | G1: 色がついているセルはエグゼクティブサマリーに掲載した建議になります。
C2: 大項目 | D2: 中項目 | E2: 番号 | F2: 建議タイトル | G2: 建議内容
B4: 第2部 第１章 貿易
C5: 大項目 | D5: 中項目 | E5: 番号 | F5: 建議タイトル | G5: 建議内容
E6: ① | F6: 輸出許可申請の円滑化・迅速化 | G6: 2023年より順次実施された、ガリウム・ゲルマニウム関連品目ならびに一部黒鉛品目、2024年9月より実施された一部のアンチモンと超硬材料の関連品目、2025年2月・4月より実施された各種レアメタルに対する輸出許可申請において、申請が遅滞するケースが発生している。これら資源は中国が世界における主要生産・輸出国であり、サプライチェーンの構築において重要な役割を担っている。申請手続の円滑化ならびに認可所要時間の短縮を強く要望する。
E7: ② | F7: 輸出管理法の関連細則や管理品目の公表および国際標準に則した運用 | G7: 「輸出管理法」が2020年12月1日より施行された。2024年10月に「両用品目輸出管理条例」が公布され、同12月1日に「輸出管理法」および「両用品目輸出管理条例」に付随する「両用品目輸出管理リスト」が施行された。輸出管理関連法令について整備が進められているが、日系企業にとって依然として事業運営上の不透明性が存在する。管理品目等の関連細則の整備、解釈の統一的運用を進め、その内容や運用が国際標準から乖離しないよう要望する。さらに、順次公表した情報は整理のうえ解説を要望する。また、同法における輸出許可の要否に関する基準が明確となっておらず、許可が必要な場合は申請から許可取得まで最大45日間を要する。許可の要否に関する基準を明確化するとともに、許可申請から許可取得までに要する時間の短縮を要望する。また、「輸出管理法」では「再輸出」「みなし輸出」「法の域外適用による責任追及」などが定められているが、これらがどのように運用されるかが不透明である。これらは、運用の如何により、業界や企業のサプライチェーンを含めた既存のビジネスモデルへ大きな影響を与えるものであり、既存ビジネスの予見性の著しい低下および、新規投資を抑制する大きな要因となりえる。これらについて、早急に下位法令で明確化するとともに、その運用にあたっては日系企業を含む外資企業の意見も十分に踏まえるよう要望する。
E8: ③ | F8: 塩化チオニルを一定量含むリチウム電池の輸入許可制度の撤廃 | G8: 化学物質である塩化チオニルを一定量含むリチウム電池の中国への輸入が、「輸出管理法」および「両用品目輸出管理条例」を根拠に許可制となっていることが判明した。税関によっては過去に遡り輸入実績を報告させ、許可有無に基づき処罰を科す事例もある。当該許可制度に関しては、情報の公開が乏しく、企業は輸入許可取得のため多くの負担を強いられている。電池に係る国際安全規格（国連勧告テスト：UNManualofTestsandCriteria7thRevisedEdition,PartIII,sub-section38.3）に準拠していること、輸入品目は「電池」であり化学品本体を規制するような運用を当てはめるケースは国際的に見て本件以外にないことを鑑み、本輸入規制の撤廃を要望する。
E9: ④ | F9: 関連規制・制度の情報開示時期および具体的実施方法の事前通知化 | G9: 通関に関する規制・制度の変更が直前に周知されるケースがある。WCO（世界税関機構）改正「京都規約」の一般付属書第9章では、税関はすべての利害関係者が関連情報を容易に入手できるようにすること、変更が発生した際には事前に十分な余裕を持って情報を入手できるようにすることを規定している。ついては、海関総署などの関連部門に対し、通関に伴う規制・制度の変更を実施する場合には、十分な準備期間を確保するとともに、文書で事前に税関ホームページに掲載するなど情報開示時期および具体的実施方法について配慮するよう要望する。
E10: ⑤ | F10: 税関規則・規定に対する解釈の統一および統一的運用の強化 | G10: 同一製品のHS番号や原産地証明など輸出入申告に関する税関審査および保税区、物流園区または保税港区の運用や規則、規定に対する解釈が、地域や担当者により異なるケースがある。通関一体化の推進に伴い改善が見られる部分もあるが、税関総署等の関連部門に対して、窓口人員等への研修の強化やより詳細なマニュアルの整備などにより全国で統一的な運用を行うよう要望する。また、税関内での情報共有が全国統一的な運用の実効性を高めるため、税関間の調整機能の強化を要望する。
E11: ⑥ | F11: HS番号対象品目の詳細解釈資料の公開 | G11: HS番号の対象品目を詳細に解釈した資料の公開を要望する。また、入港、接岸、荷役許可時の必要書類、所要時間も可能な限りの統一を要望する。また、これらに関連する政府発行のオペレーションマニュアルの適時適切な更新を要望する。
E12: ⑦ | F12: HSコード修正時の提出資料確認の迅速化、および適切な修正期間の設定 | G12: 税関調査でHSコードの違いを指摘され、関連資料・説明書を提出したものの、2カ月以上回答を得られないケースがあった。また、税関担当者の交代により、従来用いていたHSコードではなく別のHSコードへの修正指摘が入り、修正機会なく即時処罰が課されたケースもあった。その他には、HSコードの違いを過去数10年に遡り処罰を行うとした指摘も発生している。HSコードの修正に関しては、提出資料の確認の迅速化ならびにその回答期限の提示、適切な修正機会の設定を要望する。
E13: ⑧ | F13: 保税工場間にてHSコードが異なる際の内陸輸送取り扱い | G13: 自社中国工場と中国顧客が登録している同一製品（部品）に対するHSコードが異なる場合、中国内で同製品（部品）の保税工場間の移動ができないため、一度香港・日本等へ輸出し、再輸入している。EU内やマレーシアと同様に、保税工場間は双方のHSコードが異なる場合でも、内陸輸送ができるよう改善を要望する。
E14: ⑨ | F14: 通関所要時間の調査およびその公表、商品検査リードタイムの短縮 | G14: 「WTO貿易円滑化協定」第7条では努力規定として所要時間調査（TRS）を定期的に実施し公表するように求めている。各税関の通関所要時間を可視化することにより、通関効率化への取り組み向上にもつながるため、税関ごとの通関所要時間を調査し公表するよう要望する。また、上記で収集したデータに基づき、引き続き通関、商品検査にかかわるリードタイムの短縮に取り組むよう要望する。
E15: ⑩ | F15: 通関申告地と検査検疫組織間の連携強化、通関申告地での法定検査受検の取り扱い | G15: 輸入商品の法定検査について、「輸出入商品検査法実施条例」第16条に基づき通関申告地の出入境検験検疫機構へ検査申請することになっており、且つ同条例第18条により目的地での検査を受けなければならないが、通関申告地と目的地の検査検疫組織間で申請情報の連絡がうまくできておらず、検査まで非常に時間を要したケースがあった。海関総署等の関連部門に対して、通関申告地においても法定検査を受検できるよう要望する。併せて商品検査検疫の迅速化、手続の簡素化を早期に実現し、同一港湾のみならず全国で検疫一体化を実施するよう要望する。
E16: ⑪ | F16: 通関後の輸出入申告事項の修正の可否明確化、自主的な修正申告が認められる事例の提示 | G16: 「税関輸出入貨物通関申告書修正および取消管理弁法」第7条により、修正事由が通関業者に起因する場合は申告事項を修正できるが、それ以外の中国輸入者や海外輸出者等に起因する場合については修正の可否が規定されておらず、修正が認められない場合が多い。海関総署等の関連部門に対して、通関後の輸出入申告事項の修正の可否を明確にするとともに、FAQ等にて自主的な修正申告が認められる事例の提示を要望する。
E17: ⑫ | F17: 貨物貿易の外貨支払業務における規制緩和の継続 | G17: 2012年貨物貿易改革が行われ、対外支払時に通関データとの照合作業が不要となり、貿易決済の利便性が高まった。一方、貨物貿易にかかる外貨支払業務を行う際には、原則、輸入通関情報を照会する運用がなされており、その結果通関手続が終了するまで外貨支払ができず、支払が遅れる事象が依然として起きている。また三国間貿易決済に関する規制は緩和されているものの、適用対象は限定的なものにとどまる。規制緩和の継続、会社規模にかかわらず信用良好な企業に対する運用のさらなる緩和を要望する。
... E24: ⑲ | F24: 米中貿易摩擦の早期解消 | G24: 米中貿易摩擦の継続により、関税率の複数回にわたる引き上げが事前に十分な周知期間なく実施されていることにより、関税の引き上げに伴う負担の増加が継続している。このことにより、収益の悪化など深刻な影響を受けている企業もあり、早期の問題解決が望まれる。両国政府間で摩擦解消に向けた協議を加速することを要望する。
B26: 第2部 第2章 投資
C27: 大項目 | D27: 中項目 | E27: 番号 | F27: 建議タイトル | G27: 建議内容
C28: 1.公平な競争環境の確保 | E28: ① | F28: 外商投資法および外商投資法実施条例の細則整備 | G28: 外商投資法および外商投資法実施条例が2020年1月より施行され、既存の外商投資企業は2025年1月1日より前に、組織形態や組織機構の調整を完了する必要があるとされるなど、実務上、大きな制度変更に直面した。一方で、実務上の細則等の法令について適宜に十分な整備がされず、企業側に混乱が生じた。今後、細則の整備にあたっては、外商投資法に則り、適時に外国商会や外資企業の意見を聴取し、反映するよう要望する。さらに、外商投資法実施条例の第29条、第30条に規定されている「外商投資企業クレーム申告業務メカニズム」について、実務上適切に運用されるよう要望する。
E29: ② | F29: 制度運用の透明化 | G29: 外資系企業の対中投資のリスクと見られている不透明な制度運営について、法制度解釈の統一的運用、制度変更の際の十分な準備期間確保、諸手続の簡素化・迅速化、申請・照会に対する文書での回答といった予見可能性等に資する改善を要望する。また、明文化されていない口頭での指導や規制の実施は行わないよう要望する。
E30: ③ | F30: 「信頼できないエンティティ・リスト規定」の公平・透明な運用 | G30: 2020年9月施行の「信頼できないエンティティ・リスト規定」について、処罰対象となる行為として提示されている「中国の国家主権、安全、利益の発展への危害」「正常な市場取引原則への違反」や「差別的措置」などが不明確な概念となっている。商務部等の関連部門においての同制度の運用にあたり、下位法令等により、これらの概念をより明確化することを要望する。また、同規定は米中摩擦も制定の背景として指摘されるところ、日系企業が米中間の対抗措置や恣意的な運用の対象とならないよう要望する。このほか、手続の透明性や公正性の確保、ならびに日系企業の意見に十分な配慮を要望する。
E31: ④ | F31: 「外国の法律および措置の不当な域外適用を阻止する規則」の運用基準明確化 | G31: 2021年1月施行の「外国の法律および措置の不当な域外適用を阻止する規則」について、中国政府が「不当な域外適用の状況にある」と判断した場合は、中国の法人等がその他国の制裁法規等に従うことへの禁止令を発出できるとされている。一方で、「不当な域外適用の状況」といった概念があいまいであり、ビジネス上の予見性の著しい低下につながっている。どのような場合に同規則が適用されるのか等の判断基準を明確にするよう要望する。また、日系企業へ恣意的に適用することのないよう要望する。
E32: ⑤ | F32: 「外商投資安全審査弁法」の対象範囲明確化 | G32: 2021年1月施行の「外商投資安全審査弁法」について、同弁法により、グリーンフィールド投資にまで外商投資の審査範囲が拡大された。且つ、審査範囲について明確な定義がないことから、審査当局に幅広い解釈の余地を残していることが指摘されている。自主申告が必要な範囲とされている「重要インフラ」「重要技術」「重要情報技術およびインターネット製品・サービス」などの範囲につき、いっそうの明確化を要望する。
C33: 2.対外開放の拡大 | E33: ⑥ | F33: 外商投資参入特別管理措置（ネガティブリスト）のさらなる緩和 | G33: 2024年11月1日に施行された「外商投資参入特別管理措置（ネガティブリスト）（2024年版）」では、制限・禁止条項が2020年版の31項目から29項目に減少し、一定の緩和が進んだ。これにより、製造業についてネガティブリスト上の参入規制は撤廃されたことを評価する。引き続き、制限・禁止項目の調整・削減にあたっては、具体的にどのようなケース、業態であれば実際に参入できるのか、解釈や解説、ガイドライン等を併せて示すことによって明確化し、且つ、その内容が行政の各レベルにおいて徹底されるような環境整備や指導を要望する。
E34: ⑦ | F34: ネガティブリスト以外の法律・法規による参入規制の緩和 | G34: 2024年11月施行の「外商投資参入特別管理措置（ネガティブリスト）（2024年版）」において、「インターネットカルチャーに関する商品の経営（音楽を除く）」という表現があり、「音楽を除く」となっていることから、外資がインターネット音楽商品を取り扱う可能性を見出せるが、実際は「ネットワーク出版サービス管理規定（工業情報化部、旧国家新聞出版広電総局）」の存在等により難しいとされる。ネガティブリストを掌握する国家発展改革委員会および商務部と、同規定を掌握する工業情報化部等に対し、「外商投資参入特別管理措置（ネガティブリスト）」に合わせ、「ネットワーク出版サービス管理規定」を改正し、外資企業でも、インターネットでの音楽分野のサービスを運営できるよう要望する。
E35: ⑧ | F35: 規制緩和に向けた体制整備 | G35: 各種ネガティブリストの改定や、企業が新たな分野への参入を模索する中で、上記⑦のように「外商投資参入特別管理措置（ネガティブリスト）（2024年版）」や「市場参入ネガティブリスト（2022年版）」では制限されていないが、他の関連法令によって外資への開放分野が事実上制限されており、参入が難しいといった事例が生じる場合がある。外商投資法の大きな柱である「参入前の内国民待遇とネガティブリストによる外資投資管理制度」や「外商投資企業への公平な競争環境の確立」の実現にあたり、そういった事例に対応するため、国家発展改革委員会や商務部などに対応窓口を設け、問題の把握を行うとともに関連部門との連携により必要な関連法令の改正を行うことができるよう、体制の整備を要望する。
C36: 3.政府の規制運用・手続の明確化・簡素化 | E36: ⑨ | F36: 公的標準策定プロセスの運営方法統一と透明性・公平性の向上 | G36: 国家標準、業界標準などの公的標準策定プロセスにおいて、例えば会員資格、会員費用などを内資・外資で区別されることが依然見られるなど、標準工作組によって運営方法が統一されておらず透明性に欠ける。「外商投資企業標準化作業指導意見」が公布され外商企業と内資企業が標準化活動で同等の待遇を得るとの方針が示されたことは高く評価するが、この方針に則った対応が徹底されるとともに、標準化活動にかかる策定・改定過程は、公開を原則とし、外国企業の標準化技術委員会や標準化策定工作組などへの参加を中国企業と同等の条件とするなど、外資企業の参画も容易にすることで透明性と公平性を高めるよう要望する。また、国家標準の解釈や制度運用による混乱を防ぎ、認証、試験等にかかわる、さらなる手続透明化と合理化を図ることを要望する。
E37: ⑩ | F37: 標準・認証関連情報の適切な開示と公布から実施までの十分な猶予期間の設定 | G37: 強制標準や認証等の実施に当たり、企業に影響を与える規定や内部書簡、解釈、説明会の開催情報と一般的な質疑応答（FAQ）等に関する情報は、会議の開催を通じて内容を伝えるだけではなく、関連するすべての機関・部門のホームページ上に即時且つ正式に公布するよう要望する。また、標準の公布日から実施日まで、十分な猶予期間を取るよう要望する。特に強制標準については、公に誰もが入手可能となった日を起算日として、1年から3年程度の猶予期間を確保するべきである。強制標準の実施に伴って企業が対応措置を取る際に、並列標準が未公布であることにより、強制標準の実施日前に対応が完了できないことがある。強制標準とその並列標準については同時に公布するよう要望する。
E38: ⑪ | F38: 国有資産の譲渡手続の簡素化・明確化 | G38: 国有資産の譲渡手続につき、｢会社法｣「企業国有資産取引監督管理弁法」等に基づき、通常の持分譲渡手続に加え、国有資産譲渡の審査・認可取得、資産評価、公開取引等の一連の手続も必要とされ、実務上で所用期間が相当必要となるため関連手続の簡素化を要望する。また、国有資産譲渡に該当するかの判断基準をより明確にするよう要望する（例えば、重大資産の定義の明確化など）。
E39: ⑫ | F39: 事業再編手続の簡素化 | G39: 市場経済化が進展する中で、競争の活性化を通じて、事業再編を余儀なくされる企業が出ることは自然な流れであり、撤退、分割、合併といった事業再編にかかわる時間的、費用的負担を軽減する制度整備を要望する。2020年1月に施行されたビジネス環境改善条例においても関連する方針が示されているが、税務登記抹消にかかる時間短縮の実現や、登記簡易抹消プロセスにおける関連政府当局間の認識のばらつきの是正などが求められている。こうした措置により、予見可能性が向上し、却って新たな投資をもたらすことや、中国の産業構造の適正化につながることが期待される。
E40: ⑬ | F40: 株式譲渡に関する手続の明確化・簡素化 | G40: 外国企業（非居住者企業）間における中国国内企業の株式譲渡において、株式を売却する外国企業は「企業所得税法」および実施条例、「印紙税法」に基づいて、譲渡完了日から15日以内に譲渡対象企業が所在する地域の税務局に企業所得税および印紙税の納税申告を行う必要がある。実際には中国の代理人を起用して納税申告することが一般的となっているが、この方法であると申告漏れが発生する恐れもある。例えば、譲渡対象企業が株主名簿変更等の手続を行う際に同時に代理申告する仕組みにするなど、中国国内に所在する企業が代理申告、源泉徴収の義務を負うのが望ましいと考えるが、現状は明確な規定がない。企業投資性資産の入替え促進や申告漏れによるコンプライアンスリスク低減の観点から、譲渡や減資等にかかる手続の明確化ならびに簡素化を要望する。
E41: ⑭ | F41: 土地使用許可更新に関する詳細規定の制定 | G41: 土地使用許可について、1990年制定の「都市国有地使用権譲渡および再譲渡暫定施行条例」において工業用地の最長使用期限は50年と定められている。同時に、現地政府からの要求で同条例にて規定された最長期限よりも短い期間での土地使用契約が求められた場合もあり、90年代に中国に進出した日系企業の中には、土地使用期限が近付いている企業も現れている。一方で、土地使用期限の更新にあたり、必要な手続や費用などの詳細について、国による統一的な基準が定められていない。近い将来多くの企業が土地使用契約の更新時期を迎えることが予想されており、混乱を避けるために、早期の詳細規定の制定を要望する。
E42: ⑮ | F42: 外国人の法定代表者によるオンライン手続 | G42: 法定代表者が外国人である外資企業は数多く存在する。外国人が法定代表者の場合、実名認証のための顔認証によるオンライン上の操作ができないケースがある。このため、董事変更、経営範囲変更等企業登録および届出手続を申請する際に、法定代表者本人が窓口で手続を行うか、もしくは授権委託書にて代理人が対応することが必要になるため、企業登録および届出手続の簡素化を要望する。なお、法定代表者が海外にいる場合は海外で関連法的文書を署名した上で送付する必要もあり手続上の負担が生じている。各地の市場監督管理部門においてシステムを改善し、外国人が法定代表者であっても、オンライン上での手続に支障が出ないことを要望する。
C43: 4.情報公開の推進 | E43: ⑯ | F43: 連続的・継続的な統計・調査データの発表 | G43: 国家統計局発表のデータにつき、2023年から固定資産投資額について統計範囲が変更され、前年の数値との連続性がなくなっている。また、16～24歳の都市部調査失業率は2023年6月分を最後に発表が停止され、2024年1月に新たな定義のもとに発表が再開された。中国人民銀行による都市部預金者・銀行・企業家を対象としたアンケート調査は、2023年第2四半期を最後に発表が停止され、2024年3月になり未発表分がまとめて発表されたが、現在では再度発表が滞っている。統計・調査データをより実態に即したものにするための制度変更の必要性は理解できる一方、投資判断にあたりデータの連続性・継続性は極めて重要なものである。政府機関による統計・調査データは可能な限り継続して発表し、定義を変更する場合は可能な限り過去にさかのぼって既存のデータを改訂するなどの対応を要望する。
E44: ⑰ | F44: 企業支援策の統一的な情報提供 | G44: 中央および地方政府は、産業振興のための各種の企業支援制度を定めており、多くの場合外資系企業も対象となっていることを高く評価する。一方で国、省、地級市など複数の行政レベルで、複数の行政部門がそれぞれ制度を定めているため、外資系企業にとって、自身が利用できる支援策の把握が難しくなっている。統一的に全国の企業支援制度が一覧できるような情報提供を要望する。
B46: 第2部 第3章 競争法
C47: 大項目 | D47: 中項目 | E47: 番号 | F47: 建議タイトル | G47: 建議内容
C48: 1.中国における競争法関連法令の全般について | E48: ① | F48: 「独占禁止法」に基づく関連の実施細則と運用ガイドラインの改正の早期完了 | G48: 数多くの独占禁止法関連規定およびガイドラインが2024年に相次いで公布された。中国の独占禁止法制度は益々整備されてきており、この点については評価することができる。一方、その他の一部の関連実施細則や運用ガイドラインの面においては、なおも相応に改正されてはいない。未改正の関連実施細則と運用ガイドラインの改正も、早期に完了し、公布していただくよう要望する。
E49: ② | F49: 加重処罰適用要件と処罰確定基準の明確化 | G49: 改正された「独占禁止法」には2倍から5倍までの加重処罰制度が導入されている。しかし、この加重処罰の適用要件となる「本法に違反し、情状が特別に深刻で、影響が特別に劣悪であり、特別に深刻な結果がもたらされた状況」および処罰確定の基準については、詳細なガイドライン等の公布による明確化が行われていないことから、これらを明確化していただくよう要望する。
E50: ③ | F50: 「外商投資安全審査弁法」のさらなる整備 | G50: 「外商投資安全審査弁法」は2021年1月18日から施行されてはいるものの、外商投資安全審査の適用範囲に属する具体的な業種、審査や決定の基準、認可審査プロセスの詳細等については、不明確な点があり、ガイドラインおよび実施細則の公布等を通じ、これらを明確にしていただくよう要望する。
E51: ④ | F51: 標準必須特許の開示義務の軽減、善意交渉制度の具体的な運用方法の明確化 | G51: 2024年11月4日に公布された「標準必須特許独占禁止指導」は、現行の「知的財産権の濫用による競争の排除および制限行為の禁止に関する規定」および「知的財産権の分野に関する独占禁止ガイドライン」に基づいて標準必須特許の分野における中国の独占禁止制度がさらに整備されたものであり、この点については評価することができる。しかしながら、当該指導では、事業者に厳しい必須特許情報の開示義務が課されており、このような開示義務が標準の推進・実施を阻害することを懸念し、事業者の開示義務を適切に軽減していただくよう要望する。また、指導では、FRAND原則の具体的な表現として善意交渉が取り上げられ、その手続や要求が規定されているが、これらの規定はなおも具体化が必要であることから、善意交渉制度の詳細な運用方法を提供していただくよう要望する。
E52: ⑤ | F52: 「事業者団体に関する独占禁止ガイドライン」のさらなる具体化 | G52: 2024年1月10日に公布・施行された「事業者団体に関する独占禁止ガイドライン」は、独占禁止の分野における事業者団体の自主的な規制業務および主管機関の監督管理業務に対する指導を提供するものであり、事業者団体による独占禁止コンプライアンスの強化にとって重要な意義を有している。しかし、同ガイドラインの一部の規定（例えば、独占的協定の適用除外制度や事業者団体の内部コンプライアンス管理など）については、それらの内容をよりいっそう充実するよう要望する。
E53: ⑥ | F53: 企業結合に関連する法執行基準と審査指導等の公布、実施の迅速化 | G53: 国家市場監督管理総局は2024年12月に「水平的企業結合審査指導」を発表し、企業結合の審査規則をさらに充実させた。その内容は企業結合申告にも大きな参考となるものである。企業結合届出・審査制度の法執行および審査の効果と透明性をさらに向上させるため、「非水平的企業結合審査指導」の公布、実施を加速していただくよう要望する。
C54: 2.独占的協定について | E54: ⑦ | F54: セーフハーバー制度の運用基準の明確化、同制度の適用範囲の拡大 | G54: 事業者の市場シェアが一定の基準に達していない場合における垂直的協定の適用除外というセーフハーバー制度が改正された「独占禁止法」に導入された後に、2022年の6月下旬に公布された「独占的協定の禁止に関する規定（意見募集稿）」においては同制度の下における市場シェア等の運用基準が明確にされていたが、2023年3月に公布された「独占的協定の禁止に関する規定」においては市場シェアの基準が削除されているので、早急に実施細則などを通じて同制度の運用基準を明確にしていただくよう要望する。また、改正された「独占禁止法」においては、水平的協定へのセーフハーバー制度の適用が除外されており、市場の長期的且つ健全な発展に有益な市場シェアの低い企業間の提携がある程度において制限されているため、セーフハーバー制度の適用範囲を水平的協定にも拡大していただくよう要望する。
E55: ⑧ | F55: 垂直的協定におけるリニエンシー制度の適用可否の解明 | G55: 「独占的協定の禁止に関する規定」においては、リニエンシー制度の申請・認定手続がさらに洗練化されたものであり、この点については評価することができる。一方で、同規定は、リニエンシー制度の適用範囲を水平的協定の場合に限定せず、「事業者が独占的協定を締結する場合」に包括的に規定しているが、当該制度が実務上垂直的協定に適用するかどうかについては、なおも不明確であり、解明していただくよう要望する。
E56: ⑨ | F56: 個人を対象とする責任追及制度の運用基準の明確化 | G56: 独占的協定に対する規制について、改正された「独占禁止法」においては個人を対象とする責任追及制度が導入されてはいるものの、その規定は依然として原則的なものにとどまっていることから、早急な実施細則およびガイドラインの公開等を通じて同制度の運用基準の詳細を明確にしていただくよう要望する。
C57: 3.市場支配的地位の濫用について | E57: ⑩ | F57: 大型企業等による優越的地位の濫用に対する規制の導入をめぐる慎重な検討、または当該規制における不明確な点の解明 | G57: 2024年の12月下旬に公布された「不正競争防止法（改正案）」（意見募集稿）の第15条においては大型企業等による優越的地位の濫用に対する規制が導入されている。当該規制は中小企業の利益を守るためには有益である。その一方、「大型企業等」の定義や範囲、「優越的地位」および「明らかに不合理」の認定基準、「その他の公正な競争秩序を乱す行為」の範囲などには、なおも不明確な点が残されている。市場における企業の競争行為を過度に萎縮させないためにも、当該規制の導入については外資企業の意見も取り入れつつ慎重に検討し、または上記の不明確な点を解明していただくよう要望する。
E58: ⑪ | F58: 買掛金・代金決済をめぐる大手企業への指導の提供 | G58: 大手企業による下請業者に対する代金支払遅延等の市場における優位性の濫用行為に対する防止策として、国務院は「中小企業代金支払保障条例」や「ビジネス環境改善条例」等を公布および実施している。2025年3月、国務院は改正した「中小企業代金支払保障条例」を公布し、大企業による支払遅延行為へのさらなる規制を目指している。これらの条例の徹底化に向けて、中国の国有企業をはじめとする大手企業に買掛金や代金の支払を取引契約のとおりに履行させるようにするためにも、政府による指導を行っていただくよう要望する。
E59: ⑫ | F59: 知的財産権への過度な制限の緩和 | G59: 知的財産権の行使時に考慮すべき独占禁止法運用上の原則について、「知的財産権の分野に関する独占禁止ガイドライン」にも定められているとおり、FRAND原則の適用を受ける旨の宣言の有無を問わず、標準必須特許か、それとも標準必須特許ではない特許かにかかわらずにFRAND条件の下におけるライセンスの実施を一律に強制するように、知的財産権を過度に制限し、イノベーションを阻害するのではないかという懸念も生まれている。特許権の独占的且つ排他的な権利という法的性質を考慮し、世界各国の法令運用の実状を踏まえた上で、法令およびガイドラインを整合的に運用していただくよう要望する。
C60: 4. 企業結合について | E60: ⑬ | F60: 企業結合届出・審査制度における不明確な点の解明 | G60: 改正された「独占禁止法」においては企業結合の分類・分級審査制度や重点分野に対する規制の強化等も明確にされており、この点については評価に値する。一方、企業結合届出の時点における「企業結合」および「支配力」の構成要件、企業結合届出の要否の判断基準、審査・決定上の基準や考え方には、なおも不明確な点が残されており、事業者側の判断が困難となるケースが存在している。「企業結合審査規定」の公布・実施により、前述の不明確な点はある程度解明されたものの、そのうちに特に「支配力」の構成要件は依然として明確化されていない。これらの基準や考え方については、実施細則およびガイドラインの公布等を通じて明確にしていただくよう要望する。
E61: ⑭ | F61: 簡易届出制度の運用上のさらなる改善、案件受理・審査期間の短縮 | G61: 企業結合の届出時においては、書類の提出から正式な案件受理までの期間は、ケースによって異なっており、長期化する場合もある。簡易届出制度の運用上の改善や、一部の簡易届出制度適用案件審査権限の地方独占禁止法執行機関への委譲等を通じて改善されてきてはいるものの、案件の受理や審査に要する期間については、関連制度の運用上のさらなる改善を通じ、これを短縮していただくよう要望する。
C62: 5.行政権力の濫用による競争の排除および制限について | E62: ⑮ | F62: 行政権力の濫用による競争の排除および制限行為に対する規制の整備 | G62: 「独占禁止法」においては、行政権力の濫用による競争の排除および制限行為に対する罰則は、上級当局による是正命令および直接の責任者に対する処分のみであり、独占禁止法の執行機関は、関連する上級当局に対して法による処理の勧告を行う権限のみを有しており、行政機関または法律法規の授権により公共事務を管理する権限を有する組織による独占的行為に対する抑止力に欠けている。ゆえに、行政的な独占的行為に対する行政機関または法律法規の授権により公共事務を管理する権限を有する組織への罰則が適切に強化されること、およびこれらの行政機関・組織に行政的な独占的行為により損害を受けた事業者への損害賠償責任が課されることが望まれる。同時に、行政的な独占的行為により利益を享受した事業者に対しても、事実関係に基づいて法的責任を追及していただくよう要望する。
C63: 6.商業賄賂について | E63: ⑯ | F63: 「不正競争防止法」の改正作業の加速、法令内容の整備 | G63: 現行の「不正競争防止法」においては、商業賄賂の認定にかかわるコミッションおよび値引きの「事実通りの記帳」に対する判断基準、「職権または影響力を利用して取引に影響を及ぼす組織または個人」の具体的な範囲、商業賄賂と認定された場合において科せられ得る罰則の適用基準の面においても不明確な点が残されている。しかし、2025年3月現在、「不正競争防止法」の第3次改正は、なおも完了していない。早急に改正作業を進め、今回の法令改正を機会に、これらの基準も明確にしていただくよう要望する。
B65: 第2部 第4章 税務・会計
C66: 大項目 | D66: 中項目 | E66: 番号 | F66: 建議タイトル | G66: 建議内容
C67: 1.税務 | D67: (１)制度運用／税収管理 | E67: ① | F67: 税収徴収管理の安定化 | G67: 税収徴収管理において、地域差や当局担当者による解釈の差異をなくし、法規の解釈に混乱が生じないように、北京市や上海市で現在試行されている事前確認制度については、運用を安定的に行うとともに、全国的な制度として展開されることを要望する。
E68: ② | F68: 重点企業グループに対する管理強化 | G68: 重点企業グループの管理強化のため、税務局は「千戸集団」を設定した上で各種の財務・税務データの提供を求める。とりわけ電子データの収集および提出は企業に莫大な作業量をもたらしており、要求の取り消しを要望する。
D69: (２)所得税（個人所得税・企業所得税） | E69: ③ | F69: 外国籍人員に対する免税措置の恒久化 | G69: 外国籍人員が適用可能な免税措置（住宅手当、言語訓練費、子女教育費）が廃止されると外国籍人員の個人所得税が大幅増になることが見込まれるため、当該措置の無期限延期を要望する。
E70: ④ | F70: 法人に対する連結納税制度の導入 | G70: 中国の企業所得税法および関連法規においては、連結納税制度が認められていない。新規投資を促進するために、特定の条件下において連結納税制度を認め、日系企業の中国新規投資に対する1つの誘引条件と位置づけることを要望する。
E71: ⑤ | F71: 欠損金の繰り戻し還付 | G71: 企業の資金繰りへのサポートをするとともに、経営判断への前向きな影響を与えるために、一定の条件の下での欠損金の繰り戻し還付を認めることを要望する。
E72: ⑥ | F72: 組織再編上の課税 | G72: グループ会社の組織再編を進めるにあたり、実務面にて行政手続の要件が不明瞭で手続も煩雑である。企業負担を軽減するために課税繰延となる特殊税務処理の適用条件がまだ不明確な部分がある。組織再編がスムーズに進められるよう関連規定および手続のさらなる明確化を要望する。
E73: ⑦ | F73: 租税条約における源泉税率 | G73: 「所得に対する租税に関する二重課税の回避および脱税の防止のための日本国政府と中華人民共和国政府との間の協定（日中租税条約)」における配当所得の企業所得税率は10％だが、これは中国が香港やシンガポール等と締結している租税条約と比して高い水準にあり軽減を要望する。
D74: (３)移転価格税制 | E74: ⑧ | F74: 移転価格調査における税務機関の姿勢 | G74: 移転価格調査において、グローバル経済動向や企業のビジネス展開、地域性といった企業の実態があまり認められず、企業としては二重課税排除のために相互協議を希望する場合であっても、課税当局側からその適用対象外となる自主調整を慫慂され、結果として二重課税が排除されないケースもある。また、中国の移転価格税制においては他の諸外国と異なり、四分位レンジを使わずに比較対象企業の中央値を基準にして更正される。二重課税排除のための改善や原則として四分位レンジ全体を適切な利益率として判断できるような対応を要望する。
E75: ⑨ | F75: 日中APAの申請手続のさらなる円滑化 | G75: 二国APAの申請にあたり、長期間に渡る調整や審査が必要になる。その間、税務局による調査が停止されないケースもあり、税務局にて窓口を一本化した対応を行ってもらいたい。二国間相互協議についても納税者の長期にわたる不安定な状況を排除するため、円滑に機能するよう要望する。
D76: (４) 印紙税 | E76: ⑩ | F76: 印紙税法における海外企業への課税 | G76: 新・印紙税法により、海外企業が一定の取引を行うと海外企業側でも納税義務を負うことになった。日本では国外で作成された契約書等に印紙税が課税されることはなく、当該規定の見直しを希望する。また海外企業の納付にあたり明確な実施細則がなく、税務局によっても見解が異なる。具体的な実務運用に関するガイドラインを発行してもらいたい。
D77: (５) 増値税 | E77: ⑪ | F77: 増値税の仕入税額控除対象の拡大 | G77: 2026年1月1日から施行される増値税法において「控除してはならない仕入税額」に関する規定が調整され、一部の仕入増値税については仕入税額の対象となるなど従前の実務課題が解決することが期待されている。特に、貸付金利の支払に係る仕入税額の今後の控除の可否は業界共通の関心事となっているため、増値税法の施行に向けて実施細則によるさらなる取り扱いの明確化を要望する。
E78: ⑫ | F78: 留保額還付手続における実務運用 | G78: 増値税控除留保額について条件を満たすと還付が行われるが、還付申請を実施したところ、税務局から問題点の指摘がなされないまま還付申請を取り消すよう連絡を受け、さらに申請を取り消さない場合は調査が実施される可能性があるとの話も受けた。還付申請ができない場合の理由説明など、制度利用を促す運用を要望する。
D79: (６)税務調査 | E79: ⑬ | F79: 法に基づいた税務調査における執行の担保 | G79: 税務調査の現場で散見される短期間での納税慫慂や、自主検査にもかかわらず明示される追徴税額（希望額）など、租税法律主義の原則から逸脱した執行方針については、厳に慎むよう現場に強く指導されることを要望する。
C80: ２. 会計 | E80: ⑭ | F80: 企業の自主的判断での決算期設定 | G80: 現在グローバルベースでIFRS（国際財務報告基準）への移行が検討されているなかで、連結決算対応の観点より、現在の中国における12月決算のみではなく、企業の自主的判断で決算期の設定を可能とする中国企業会計制度の柔軟な適用を要望する。
E81: ⑮ | F81: 新会計準則移行措置の統一とIFRSコンバージェンスの促進 | G81: 新しい企業会計準則への移行措置が各地で異なっており、今後義務化するにあたり事前準備期間を考慮したうえで全国一律の対応を要望する。また、当該準則は2012年に欧州委員会によりIFRSと同等と認められたが、一部の処理において依然として差異が存在する。今後よりいっそうのコンバージェンスへの取り組みを要望する。
B83: 第2部 第5章 労務
C84: 大項目 | D84: 中項目 | E84: 番号 | F84: 建議タイトル | G84: 建議内容
C85: 1. 就労および出入国関連 | E85: ① | F85: 日本人入国ビザ免除政策の常態化 | G85: 2024年11月30日から2025年12月31日まで、日本の一般パスポート所持者が30日を超えない訪中ビジネス、観光、親戚・友人訪問、交流訪問を行う場合、ノービザで入国できるようになった。今回試行されているビザ免除政策において、以前は15日だったビザ免除滞在期間が、30日に延長されたことを歓迎する。ただし、当該ビザ免除政策は2025年12月31日までに限り試行されるものであるため、中国政府が2025年12月31日以降も引き続きビザ免除政策を常態的に施行することを要望する。
E86: ② | F86: 旧パスポートの提出を不要とし、申請書類を簡素化する | G86: 一部地域でインターネット上での就業手続ならびに「外国人の居留許可申請におけるパスポート保管免除」の便宜政策の開始により、外国人の手続負担が軽減されたことを歓迎する。科学技術部、国家移民管理局が各地区の執行基準を統一し、「外国人の居留許可申請におけるパスポート保管免除」政策の実施範囲を拡大することにより、外国人の就業および居留手続のさらなる簡素化を期待する。ビザ、居留許可等の手続において旧パスポート原本の提出を求められるケースがあり、提供できない場合に書面による説明書類の提出を求められるため、外国人に一定の不便を与えているが、中国在外公館および各地出入国管理部門ができるだけ申請書類を簡素化し、旧パスポート原本やその他書面による説明書類の提出を不要とすることを要望する。
E87: ③ | F87: 外国人の指紋・顔写真などの情報採取回数の削減 | G87: 外国人の指紋、顔写真などの情報が複数回重複して採取されるなどの問題がある。国家移民管理局が管理措置を最適化し、入国時に一度だけ指紋、顔写真情報を採取し、同じ情報の複数回、重複採取を避け、外国人の負担をいっそう軽減することを要望する。
E88: ④ | F88: S2ビザ申請条件の緩和 | G88: 中国の春節（旧正月）や国慶節（建国記念日）などの伝統的祝日や、日本の冬期休暇、夏期休暇、ゴールデンウィーク休暇、年末年始休暇などの長期休暇の際には、外国籍駐在員の親族が訪中する需要が高まっているため、S2ビザの申請条件を緩和·簡素化し、S2ビザ申請時における外国籍駐在員が保有する居留許可の残存期間制限を撤廃することを要望する。
E89: ⑤ | F89: 外国人の地域を跨ぐ転勤による就業·居留手続のさらなる簡素化、および新政策の十分な告知後の実施 | G89: 科学技術部と出入国管理部門は、勤務地変更に伴う外国人の就労許可と居留許可手続プロセスをより簡素化し、「抹消してから新たに手続する」という現行モデルの見直しと審査期間の短縮を要望する。また、外交部、科学技術部、国家移民管理局等の主管部門は、外国人のビザ、就業、居留に関する政策を変更する前に、公式サイト等の各種ルートを通じて外国人に十分に告知し、少なくとも1週間以上の移行期間を設けることを要望する。
E90: ⑥ | F90: 外国人帰国者の銀行口座凍結措置の撤廃、または国外での凍結解除手続の許可 | G90: 外国人が本国に転任後、中国国内で開設した銀行口座が中国ビザまたは居留許可の期限が切れたことにより一定期間後に凍結され、口座の凍結解除手続を行う場合、本人が中国に戻って国内の銀行で手続しなければならない。帰国者の中国への再入国には一定の負担があるため、中国人民銀行において、外国人帰国者の銀行口座凍結措置の撤廃すること、もしくは国外での凍結解除手続を可能とする便宜措置を設けることを要望する。
E91: ⑦ | F91: 各地の就労許可、居留許可の手続プロセスおよび手続期間の統一、処理期間の短縮 | G91: 就労許可、居留許可の手続のプロセス、手続期間が各地域で統一されていないため、新規赴任駐在員が赴任前に手続に要する時間を予測することが困難となっている。科学技術部と出入国管理部門において、各地域の就労許可·居留許可手続期間を統一した上で、諸手続の簡素化と処理時間の短縮を要望する。
C92: 2. 社会保障 | E92: ⑧ | F92: 外国人の医療保険等その他社会保険項目の強制納付義務の免除 | G92: 「社会保障に関する日本国政府と中華人民共和国との間の協定」により、外商投資企業と外国人の社会保険料納付負担を効果的に軽減し、基本養老保険以外の医療保険、労災保険、失業保険およびその他社会保険項目についても、関連法律の規定に対し同様に相応の改正を行い、外国人の強制納付義務を免除し、中国国内で納付するかどうかを自身で決定できるようにすることを要望する。
E93: ⑨ | F93: 社会保険、住宅積立金の追納期間および時効を合理的に設定し、社会保険納付基数、料率の調整時期を固定する | G93: 一部の日系企業では歴史的遺留問題等により社会保険・住宅積立金の過少納付・納付漏れが発生しており、複雑な追納手続や非常に長い追納期間に起因する莫大な追徴金が日系企業に大きな負担となっている。人力資源・社会保障部（以下、人社部）および住宅積立金管理センターにおいて、企業の正常な生産·経営活動の維持を前提に合理的な追納期間・時効の設定を要望する。また、社会保険の納付基数、料率の調整時期を固定し、例えば、毎年12月もしくは1月に統一して調整することを要望する。同時に、社会保険・住宅積立金の省級または市級主管部門が、同地域における納付要求および納付条件の統一性を確保するために、毎年1回、企業に対する指導訓練を行うことを要望する。
E94: ⑩ | F94: 社会保険·住宅積立金の全国統一計画の早期実現 | G94: 従業員が社会保険加入地以外の地域へ転勤する場合、既存の社会保険待遇を転勤先で享受できないケースや、養老保険の個人口座残高が移転できないなどの問題がある。人社部および住宅積立金管理センターにおいて、社会保険と住宅積立金の全国統一計画を早期実現し、企業が従業員の実際の勤務先に支社を設立していない場合でも社会保険納付を可能とする措置を講じるとともに、住宅積立金納付地以外の地域での住宅積立金による住宅ローン申請の関連制限を撤廃し、社会保険および住宅積立金の移転が人員異動に与える影響を軽減することを要望する。
C95: 3. 労働管理 | E95: ⑪ | F95: 「月間残業時間が36時間を超えてはならない」という強制規定の見直し | G95: 人社部は「労働法」における「月間残業時間が36時間を超えてはならない」という強制規定を見直し、企業と従業員や労働組合が協議のうえ合意後、労働行政部門に特別申請を行うことにより月々の残業時間上限を柔軟な方法で合理的に設定することを許可するよう要望する。
E96: ⑫ | F96: 女性従業員の身分定義基準の明確化、女性従業員の統一的退職年齢基準の制定 | G96: 全国人民代表大会常務委員会は2024年9月13日、「法定定年退職年齢の漸進的延長実施に関する決定」を公布し、同日に国務院は「法定定年退職年齢の漸進的延長に関する弁法」を公布した。従来と同様、女性従業員の退職年齢は延長後も一般従業員および幹部の身分に基づき区分されるが、地域によって女性労働者と女性幹部の身分定義基準が明確ではないため、人社部において、区分基準を明確にするか、統一的な女性従業員の退職年齢基準を制定することを要望する。
E97: ⑬ | F97: 医療期間関連の法律整備、および重症・軽症による医療期間を明確に区分する | G97: 一部の従業員が医療期間の規定を悪用し「軽症での長期休暇申請」などの現象が広く存在している。現在の医療期間は主に従業員の勤続年数を基準に計算されるため、勤続年数が比較的長い一部の従業員が、軽症でありながら最長医療期間を享受することにより企業の雇用負担を重くしており、企業の雇用管理上不利になっている。人社部および関連主管部門において、医療期間関連の法律·法規をいっそう整備し、勤続年数を根拠とした上で、重症か軽症かによって医療期間を明確に区分し、病症の程度によって合理的な医療期間を設け、企業の雇用コストを緩和すると同時に、医療資源の浪費を回避するよう要望する。
B99: 第2部 第6章 知的財産権
C100: 大項目 | D100: 中項目 | E100: 番号 | F100: 建議タイトル | G100: 建議内容
C101: １. 知的財産の適切な保護の促進 | D101: (１) 出願権利化プロセス・保護期間の合理化・適正化（建議先：国家知識産権局） | E101: ① | F101: 意匠制度の見直し | G101: 意匠について、審査主義（実体審査制度）を導入していただくよう要望する。また、遅延審査制度が2024年1月施行の「専利審査指南」により柔軟化されたところではあるが、いっそうの柔軟な公表時期を設定可能な秘密意匠制度を導入することを要望する。また、存続期間を他国と同等まで引き上げること、自己開示による新規性喪失の例外適用も導入いただくよう要望する。
E102: ② | F102: 外国の著名商標保護強化 | G102: 外国の著名商標が悪意に先取りされる事例が引き続き生じていることから、商標不登録事由に「外国で周知・著名な商標を複製、模倣または翻訳した商標」を加えて明確化することにより、外国の著名商標の悪意による商標出願が審査で確実に拒絶されると共に、異議申立および無効審判により排除しやすくなる事を要望する。
E103: ③ | F103: 商標審査における意見書提出機会の付与 | G103: 商標出願を拒絶する場合、その理由を、拒絶決定前に出願人に通知するとともに、同拒絶理由に対して、審査段階で反論する機会を出願人に与えることを要望する。
E104: ④ | F104: 「 商標法」第10条第1項第7号の適用範囲の明確化 | G104: 「商標法」第10条第1項第7号の「商品の品質等の特徴の誤認を生じさせやすい商標」について、「商標審査審理指南」において、どのような商標がこれに該当するかの具体的な事例を追加しつつ、同号の適用範囲のさらなる明確化を要望する。
E105: ⑤ | F105: 商標審査における情報提供制度の導入 | G105: 商標審査における情報提供制度の法文化またはガイドライン等による運用の公表を要望する。
E106: ⑥ | F106: 商標審査審理の延期 | G106: 「審判事件の中止事由に関する規準」を踏まえ、必要な場合において、審理が適切に延期されることを要望する。また、審理のみならず、商標出願の審査においても、先願の結果が後願の審査に影響を及ぼす場合、後願商標出願の審査も、審理同様に延期することを要望する。
E107: ⑦ | F107: 商標出願の拒絶査定に対する復審の請求期間の延長 | G107: 商標出願の拒絶査定に対する復審の請求期間が、拒絶査定の通知書を受領した日から15日間と短いため、少なくとも外国企業・在外者に対しては3～4カ月の請求期間とすることを要望する。
E108: ⑧ | F108: 商標コンセント制度の導入 | G108: 商標出願の拒絶査定に対する復審において、コンセント制度(商標共存同意書の受け入れ制度)の導入を要望する。
E109: ⑨ | F109: 特許請求の範囲や明細書の記載要件および補正制限の緩和 | G109: サポート要件等の特許請求の範囲や明細書の記載要件を諸外国のレベルに緩和していただくとともに、特許請求の範囲については、減縮を目的としたものであれば、明細書および図面に記載の範囲内での柔軟な補正や訂正を認めていただくことを要望する。
C110: ２. 知的財産にかかわる公正な競争環境の実現 | D110: (１) 模倣行為抑制に向けた諸施策 | E110: ⑩ | F110: 再犯防止（建議先：国家市場監督管理総局、税関総署、公安部） | G110: 再犯に該当する行為の統一化を図り、中央および地方を含む市場監督管理局、税関、公安機関による摘発の処罰情報の共有化を要望する。また、再犯行為（同一または異なる権利者に対する複数回の知的財産権侵害行為を含む）に対する厳罰化の法運用を引き続き適切に進めていただくとともに、適時、権利者に再犯か否かの情報を共有いただくよう要望する。
D111: (２) インターネットを介した模倣品販売の対応 | E111: ⑪ | F111: 知的財産保護プログラムの整備強化（建議先：国家市場監督管理総局、国家知識産権局、工業情報化部） | G111: 「電子商取引法」の改正によりECサイト運営者による知的財産保護プログラムの整備がさらに強化され、その運用がどのECサイトにおいても適正且つ厳格に実施されるよう関係部門の指導が強化されることを期待する。また、本法の実効性をさらに高いものとするためにも、同法細則の策定および公布を要望するとともに、同法が規定する知的財産保護に関するフレームワーク（ECサイト運営者が最低限遵守すべきルール）の基準要件を満たさないECサイト運営者に対する罰則規定の設置を要望する。
E112: ⑫ | F112: 模倣品の海外流出への対応（建議先：海関総署） | G112: 海関から権利者へ「確認知識産権侵害状況通知書」が通知される際、真贋鑑定を円滑に行えるように海関が保有する被疑製品の写真等の情報を権利者と電子的に共有する等、海関と権利者間の情報共有が容易になる施策の検討・実施を要望する。
...

Sheet 【参考】2024年 建議一覧
B1: 2024年版白書 建議一覧 | G1: 色がついているセルはエグゼクティブサマリーに掲載した建議になります。
C2: 大項目 | D2: 中項目 | E2: 番号 | F2: 建議項目タイトル | G2: 建議内容
B4: 第2部 第１章 貿易
C5: 大項目 | D5: 中項目 | E5: 番号 | F5: 建議項目タイトル | G5: 建議内容
E6: ① | F6: 輸出管理法の関連細則や管理品目の公表および国際標準に則した運用 | G6: 2020年12月1日より輸出管理法が施行されているが、同法については依然として不明確な規制対象があり、日系企業にとって事業運営上の不透明性が存在する。関連細則や管理品目等を早期に整備し公表すること、その内容や運用が国際標準から乖離しないよう要望する。また、同法における輸出許可の要否に関する基準が明確となっておらず、許可が必要な場合は申請から許可取得まで最大45日間を要する。許可の要否に関する基準を明確化するとともに、許可申請から許可取得までに要する時間の短縮を要望する。
E7: ② | F7: ガリウム・ゲルマニウム、黒鉛に対する輸出許可申請の円滑化・迅速化 | G7: 2023年より順次実施された、ガリウム・ゲルマニウム関連品目ならびに一部黒鉛品目の輸出許可申請において、申請が停滞するケースが発生している。これら資源は中国が世界における主要生産・輸出国であり、サプライチェーンの構築において重要な役割を担っている。申請手続の円滑化ならびに認可所用時間の短縮を要望する。
E8: ③ | F8: 関連規制・制度の情報開示時期および具体的実施方法の事前通知化 | G8: 通関に関する規制・制度の変更が直前に周知されるケースがある。WCO（世界税関機構）改正京都規約の一般付属書第9章では、税関はすべての利害関係者が関連情報を容易に入手できるようにすること、変更が発生した際には事前に十分な余裕を持って情報を入手できるようにすることを規定している。ついては、海関総署などの関連部門に対し、通関に伴う規制・制度の変更を実施する場合には、十分な準備期間を確保するとともに、文書で事前に税関ホームページに掲載するなど情報開示時期および具体的実施方法について配慮するよう要望する。
E9: ④ | F9: 税関規則・規定に対する解釈の統一および統一的運用の強化 | G9: 同一製品のHS番号や原産地証明など輸出入申告に関する税関審査および保税区、物流園区または保税港区の運用や規則、規定に対する解釈が、地域や担当者により異なるケースがある。通関一体化の推進に伴い改善が見られる部分もあるが、海関総署等の関連部門に対して、窓口人員等への研修の強化やより詳細なマニュアルの整備などにより全国で統一的な運用を行うよう要望する。また、全国統一的な運用の実効性を高めるため、税関間の調整機能の強化を要望する。
E10: ⑤ | F10: 税関による事前裁定決定書交付までの期間短縮やルールの簡素化、事前教示制度の改善 | G10: 税関総署262号「税関事前裁定管理暫定弁法」により事前教示制度が明確化されている。また、2019年に新たな分類申請規定が公布され、税関へのHSコードの事前教示は輸入3カ月前に申請を提出しなければならず、加えて売買契約の締結が前提となっている。申告を行う企業と税関との認識の不一致をいっそう低減させ、通関の円滑化をさらに進めるためにも、税関による事前裁定決定書交付までの期間短縮やルールの簡素化を要望するとともに、税関に対して簡易的かつ短期間で参考意見を求められるように事前教示制度を改善いただくよう要望する。
E11: ⑥ | F11: HSコード修正時提出資料確認の迅速化および提出時に回答期限目安の提示 | G11: 税関の事後調査でHSコードの違いを指摘され、関連資料・説明書を提出したものの、2カ月以上回答を得られないケースが発生している。できるだけ早いタイミングで回答をいただくよう要望する。また、提出後の回答期限の目安を示していただくよう要望する。
E12: ⑦ | F12: 通関所要時間の調査およびその公表、商品検査リードタイムの短縮 | G12: WTO貿易円滑化協定第7条では努力規定として所要時間調査（TRS）を定期的に実施し公表するように求めている。各税関の通関所要時間を可視化することにより、通関効率化への取り組み向上にもつながるため、税関ごとの通関所要時間を調査し公表するよう要望する。また、上記で収集したデータに基づき、引き続き通関、商品検査にかかわるリードタイムの短縮に取り組むよう要望する。
E13: ⑧ | F13: 通関申告地と検査検疫組織間の連携強化、通関申告地での法定検査受検の取り扱い | G13: 輸入商品の法定検査について、「輸出入商品検査法実施条例」第16条に基づき通関申告地の出入境検験検疫機構へ検査申請することになっており、かつ同条例第18条により目的地での検査を受けなければならないが、通関申告地と目的地の検査検疫組織間で申請情報の連絡がうまくできておらず、検査まで非常に時間を要したケースがあった。海関総署等の関連部門に対して、通関申告地においても法定検査を受検できるよう要望する。併せて商品検査検疫の迅速化、手続の簡素化、通関・検疫のペーパーレス化を早期に実現し、同一港湾のみならず全国で検疫一体化を実施するよう要望する。
E14: ⑨ | F14: HS番号対象品目の詳細解釈資料の公開 | G14: HS番号の対象品目を詳細に解釈した資料の公開を要望する。また、入港、接岸、荷役許可時の必要書類、所要時間も可能な限りの統一を要望する。また、政府から発行されているオペレーションマニュアルに誤植があったために通関手続が滞るという事例があった。こうしたマニュアルは実務上非常に重要であるため誤植等が発生しないよう改善を要望する。また、誤植や誤記載等が明らかになった場合には、実務上のトラブルが生じないようすみやかにその旨を公表し、かつ現場の通関担当者にも伝達することを要望する。
E15: ⑩ | F15: 通関後の輸出入申告事項の修正の可否明確化、自主的な修正申告が認められる事例の提示 | G15: 「税関輸出入貨物通関申告書修正および取消管理弁法」第7条により、修正事由が通関業者に起因する場合は申告事項を修正できるが、それ以外の中国輸入者や海外輸出者等に起因する場合については修正の可否が規定されておらず、修正が認められない場合が多い。海関総署等の関連部門に対して、通関後の輸出入申告事項の修正の可否を明確にするとともに、FAQ等にて自主的な修正申告が認められる事例の提示を要望する。
E16: ⑪ | F16: 貨物貿易の外貨支払業務における規制緩和の継続 | G16: 2012年貨物貿易改革が行われ、対外支払時に通関データとの照合作業が不要となり、貿易決済の利便性が高まった。一方、貨物貿易にかかる外貨支払業務を行う際には、原則、輸入通関情報を照会する運用がなされており、その結果通関手続が終了するまで外貨支払ができず、支払が遅れる事象が起きている。また三国間貿易決済に関する規制は緩和されているものの、適用対象は限定的なものにとどまる。規制緩和の継続、会社規模にかかわらず信用良好な企業に対する運用のさらなる緩和を要望する。
E17: ⑫ | F17: サービス貿易における課税要否や課税価格判断根拠の明確な提示 | G17: 近年、税関によるロイヤルティ支払いや特殊関係間の取引価格にかかわる調査が強化されている。しかし、個々の案件について、税関からどのような根拠・基準に基づいて課税の必要性や価格の妥当性を判断しているかの情報が企業に十分に開示されていない。また、企業の主張および説明に対して税関が同意しない場合、その理由を明確にせず、企業に主張を立証するように一方的に求める事例がある。企業の対応負担を減らすため、海関総署から各地税関に対して、課税の要否や課税価格の判断根拠を明確に提示するよう指導することを要望する。
... E24: ⑲ | F24: 米中貿易摩擦の早期解消 | G24: 米中貿易摩擦の継続により、関税率の複数回にわたる引き上げが事前に十分な周知期間なく実施されていることにより、関税の引き上げに伴う負担の増加が継続している。このことにより、収益の悪化など深刻な影響を受けている企業もあり、早期の問題解決が望まれる。両国政府間で摩擦解消に向けた協議を加速することを要望する。また、昨今の香港をめぐる米中間の問題は、中国に拠点をおきグローバルでの活動を展開する企業各社にとって深刻な問題であり、香港がグローバル貿易におけるハブ機能をしっかり堅持し、安定的で予測可能な位置づけを堅持することを要望する。
B26: 第2部 第2章 投資
C27: 大項目 | D27: 中項目 | E27: 番号 | F27: 建議項目タイトル/要約 | G27: 建議内容
C28: 1.公平な競争環境の確保 | E28: ① | F28: 外商投資法および外商投資法実施条例の細則整備 | G28: 外商投資法および外商投資法実施条例が2020年1月より施行された。既存の外商投資企業は2025年1月1日より前に、組織形態や組織機構の調整を完了する必要があるとされるなど、実務上、大きな制度変更に直面することになる。一方で、こういった個別の変更に対する実務上の細則等の法令が十分に整備されていない。国家市場監督管理総局、商務部、国家発展改革委員会など関係機関に対して、実効性のある相応の関連法令が迅速かつ明確に制定されることを要望する。また、細則の整備にあたっては、外商投資法に則り、外国商会や外資企業の意見を聴取し、反映するよう要望する。さらに、外商投資法実施条例の第29条、第30条に規定されている「外商投資企業クレーム申告業務メカニズム」について、実務上適切に運用されるよう要望する。
E29: ② | F29: 制度運用の透明化 | G29: 外資系企業の対中投資のリスクと見られている不透明な制度運営について、法制度解釈の統一的運用、制度変更の際の十分な準備期間確保、諸手続の簡素化・迅速化、申請・照会に対する文書での回答といった予見可能性等に資する改善を要望する。また、明文化されていない口頭での指導や規制の実施は行わないよう要望する。
E30: ③ | F30: 「信頼できないエンティティ・リスト規定」の公平・透明な運用 | G30: 2020年9月施行の「信頼できないエンティティ・リスト規定」について、処罰対象となる行為として提示されている「中国の国家主権、安全、利益の発展への危害」「正常な市場取引原則への違反」や「差別的措置」などが不明確な概念となっている。商務部等の関連部門においての同制度の運用にあたり、下位法令等により、これらの概念をより明確化することを要望する。また、同規定は米中摩擦も制定の背景として指摘されるところ、日系企業が米中間の対抗措置や恣意的な運用の対象とならないよう要望する。このほか、手続の透明性や公正性の確保、ならびに日系企業の意見に十分な配慮を要望する。
E31: ④ | F31: 「輸出管理法」の公平・透明な運用 | G31: 2020年施行の「輸出管理法」について、「再輸出」「みなし輸出」「法の域外適用による責任追及」などが定められているが、これらがどのように運用されるかが不透明である。これらは、運用の如何により、業界や企業のサプライチェーンを含めた既存のビジネスモデルへ大きな影響を与えるものであり、既存ビジネスの予見性の著しい低下および、新規投資を抑制する大きな要因となりえる。これらについて、早急に下位法令で明確化するとともに、その運用にあたっては日系企業を含む外資企業の意見も十分に踏まえるよう要望する。
E32: ⑤ | F32: 「外国の法律および措置の不当な域外適用を阻止する規則」の運用基準明確化 | G32: 2021年1月施行の「外国の法律および措置の不当な域外適用を阻止する規則」について、中国政府が「不当な域外適用の状況にある」と判断した場合は、中国の法人等がその他国の制裁法規等に従うことへの禁止令を発出できるとされている。一方で、「不当な域外適用の状況」といった概念があいまいであり、ビジネス上の予見性の著しい低下につながっている。どのような場合に同規則が適用されるのか等の判断基準を明確にするよう要望する。また、日系企業へ恣意的に適用することのないよう要望する。
E33: ⑥ | F33: 「外商投資安全審査弁法」の対象範囲明確化 | G33: 2021年1月施行の「外商投資安全審査弁法」について、同弁法により、グリーンフィールド投資にまで外商投資の審査範囲が拡大された。かつ、審査範囲について明確な定義がないことから、審査当局に幅広い解釈の余地を残していることが指摘されている。自主申告が必要な範囲とされている「重要インフラ」「重要技術」「重要情報技術およびインターネット製品・サービス」などの範囲につき、いっそうの明確化を要望する。
C34: 2.対外開放の拡大 | E34: ⑦ | F34: 外商投資参入特別管理措置（ネガティブリスト）のさらなる緩和 | G34: 2022年1月1日に施行された「外商投資参入特別管理措置（ネガティブリスト）（2021年版）」では、制限・禁止条項が2020年版の33項目から31項目に減少し、一定の緩和が進んだことを評価する。また、2023年10月の「一帯一路」国際協力ハイレベルフォーラムにおいて習近平国家主席が製造業における外資規制の全面的撤廃に言及したことを歓迎するとともに、早期の規制撤廃の実現を要望する。制限・禁止項目の調整・削減にあたっては、具体的にどのようなケース、業態であれば実際に参入できるのか、解釈や解説、ガイドライン等を併せて示すことによって明確化し、かつ、その内容が行政の各レベルにおいて徹底されるような環境整備や指導を要望する。
E35: ⑧ | F35: ネガティブリスト以外の法律・法規による参入規制の緩和 | G35: 2022年1月施行の「外商投資参入特別管理措置（ネガティブリスト）（2021年版）」には、「インターネットカルチャーに関する商品の経営（音楽を除く）」という表現があり、「音楽を除く」となっていることから、外資がインターネット音楽商品を取り扱う可能性を見出せるが、実際は「ネットワーク出版サービス管理規定（工業情報化部、旧国家新聞出版広電総局）」の存在等により難しいとされる。ネガティブリストを掌握する国家発展改革委員会および商務部と、同規定を掌握する工業情報化部等に対し、「外商投資参入特別管理措置（ネガティブリスト）」に合わせ、「ネットワーク出版サービス管理規定」を改正し、外資企業でも、インターネットでの音楽分野のサービスを運営できるよう要望する。
E36: ⑨ | F36: 規制緩和に向けた体制整備 | G36: 各種ネガティブリストの改定や、企業が新たな分野への参入を模索する中で、上記⑧のように「外商投資参入特別管理措置（ネガティブリスト）（2021年版）」や「市場参入ネガティブリスト（2022年版）」では制限されていないが、他の関連法令によって外資への開放分野が事実上制限されており、参入が難しいといった事例が生じる場合がある。外商投資法の大きな柱である「参入前の内国民待遇とネガティブリストによる外資投資管理制度」や「外商投資企業への公平な競争環境の確立」の実現にあたり、そういった事例に対応するため、国家発展改革委員会や商務部などに対応窓口を設け、問題の把握を行うとともに関連部門との連携により必要な関連法令の改正を行うことができるよう、体制の整備を要望する。
C37: 3.政府の規制運用・手続の明確化・簡素化 | E37: ⑩ | F37: 国有資産の譲渡手続の簡素化・明確化 | G37: 国有資産の譲渡手続につき、｢会社法｣、「企業国有資産取引監督管理弁法」等に基づき、通常の持分譲渡手続に加え、国有資産譲渡の審査・認可取得、資産評価、公開取引等の一連の手続も必要とされ、実務上で所用期間が相当必要となるため関連手続の簡素化を要望する。また、国有資産譲渡に該当するかの判断基準をより明確にするよう要望する（例えば、重大資産の定義の明確化など）。
E38: ⑪ | F38: 事業再編手続の簡素化 | G38: 市場経済化が進展する中で、競争の活性化を通じて、事業再編を余儀なくされる企業が出ることは自然な流れであり、撤退、分割、合併といった事業再編にかかわる時間的、費用的負担を軽減する制度整備を要望する。2020年1月に施行されたビジネス環境改善条例においても関連する方針が示されているが、税務登記抹消にかかる時間短縮の実現や、登記簡易抹消プロセスにおける関連政府当局間の認識のばらつきの是正などが求められている。こうした措置により、予見可能性が向上し、却って新たな投資をもたらすことや、中国の産業構造の適正化につながることが期待される。
E39: ⑫ | F39: 株式譲渡に関する手続の明確化・簡素化 | G39: 外国企業（非居住者企業）間における中国国内企業の株式譲渡において、株式を売却する外国企業は、「企業所得税法」および実施条例、「印紙税法」に基づいて、譲渡完了日から15日以内に譲渡対象企業が所在する地域の税務局に企業所得税および印紙税の納税申告を行う必要がある。実際には中国の代理人を起用して納税申告することが一般的となっているが、この方法であると申告漏れが発生する恐れもある。例えば、譲渡対象企業が株主名簿変更等の手続を行う際に同時に代理申告する仕組みにするなど、中国国内に所在する企業が代理申告、源泉徴収の義務を負うのが望ましいと考えるが、現状は明確な規定がない。企業投資性資産の入替え促進や申告漏れによるコンプライアンスリスク低減の観点から、譲渡や減資等にかかる手続の明確化ならびに簡素化を要望する。
E40: ⑬ | F40: 土地使用許可更新に関する詳細規定の制定 | G40: 土地使用許可について、1990年制定の「都市国有地使用権譲渡および再譲渡暫定施行条例」において工業用地の使用期限は50年と定められている。同時に、現地政府からの要求で同条例よりも短い期間での土地使用契約が求められた場合もあり、90年代に中国に進出した日系企業の中には、土地使用期限が近付いている企業も現れている。一方で、土地使用期限の更新にあたり、必要な手続や費用などの詳細について、国による統一的な基準が定められていない。近い将来多くの企業が土地使用契約の更新時期を迎えることが予想されており、混乱を避けるために、早期の詳細規定の制定を要望する。
C41: 4.情報公開の推進 | E41: ⑭ | F41: 連続的・継続的な統計・調査データの発表 | G41: 国家統計局発表のデータにつき、2023年から固定資産投資額について統計範囲が変更され、前年の数値との連続性がなくなっている。また、16～24歳の都市部調査失業率は2023年6月分を最後に発表が停止され、2024年1月に新たな定義のもとに発表が再開された。中国人民銀行による都市部預金者・銀行・企業家を対象としたアンケート調査は、2023年第2四半期を最後に発表が停止され、2024年3月になり未発表分がまとめて発表された。統計・調査データをより実態に即したものにするための制度変更の必要性は理解できる一方、投資判断にあたりデータの連続性・継続性は極めて重要なものである。政府機関による統計・調査データは可能な限り継続して発表し、定義を変更する場合は可能な限り過去にさかのぼって既存のデータを改訂するなどの対応を要望する。
E42: ⑮ | F42: 企業支援策の統一的な情報提供 | G42: 中央および地方政府は、産業振興のための各種の企業支援制度を定めており、多くの場合外資系企業も対象となっていることを高く評価する。一方で国、省、地級市など複数の行政レベルで、複数の行政部門がそれぞれ制度を定めているため、外資系企業にとって、自身が利用できる支援策の把握が難しくなっている。統一的に全国の企業支援制度が一覧できるような情報提供を要望する。
B44: 第2部 第3章 競争法
C45: 大項目 | D45: 中項目 | E45: 番号 | F45: 建議項目タイトル/要約 | G45: 建議内容
C46: 1.中国における競争法関連法令の全般について | E46: ① | F46: 「独占禁止法」に基づく関連の実施細則と運用ガイドラインの改正の早期完了 | G46: 改正された「独占禁止法」の公布後において、5つの部門規則は2023年内にいずれも改正されている。中国の独占禁止法制度は益々整備されてきており、この点については評価することができる。一方、その他の一部の関連実施細則や運用ガイドラインの面においては、なおも相応に改正されてはいない。未改正の関連実施細則と運用ガイドラインの改正も、早期に完了し、公布していただくよう要望する。
E47: ② | F47: 加重処罰適用要件と処罰確定基準の明確化 | G47: 改正された「独占禁止法」には2倍から5倍までの加重処罰制度が導入されている。しかし、この加重処罰の適用要件となる「本法に違反し、情状が特別に深刻で、影響が特別に劣悪であり、特別に深刻な結果がもたらされた状況」および処罰確定の基準については、詳細なガイドライン等の公布による明確化が行われていないことから、これらを明確化していただくよう要望する。
E48: ③ | F48: 「外商投資安全審査弁法」のさらなる整備 | G48: 「外商投資安全審査弁法」は2021年1月18日から施行されてはいるものの、外商投資安全審査の適用範囲に属する具体的な業種、審査や決定の基準、認可審査プロセスの詳細等については、不明確な点があり、ガイドラインおよび実施細則の公布等を通じ、これらを明確にしていただくよう要望する。
E49: ④ | F49: 標準必須特許保有者の開示義務の軽減、善意交渉制度の具体的な運用方法の明確化 | G49: 2023年6月30日に公布された「標準必須特許の分野に関する独占禁止ガイドライン（意見募集稿）」は、現行の「知的財産権の濫用による競争の排除および制限行為の禁止に関する規定」および「知的財産権の分野に関する独占禁止ガイドライン」に基づいて標準必須特許の分野における中国の独占禁止制度がさらに整備されたものであり、この点については評価することができる。しかしながら、当該意見募集稿では、標準必須特許の保有者に厳しい特許情報の開示義務が課されており、このような開示義務が標準の推進・実施を阻害することを懸念し、標準必須特許保有者の開示義務を適切に軽減していただくよう要望する。また、意見募集稿では、FRAND原則の具体的な表現として善意交渉が取り上げられ、その手続や要求が規定されているが、これらの規定はなおも具体化が必要であることから、善意交渉制度の詳細な運用方法を提供していただくよう要望する。
E50: ⑤ | F50: 「国務院独占禁止・不正競争防止委員会の事業者団体に関する独占禁止ガイドライン」のさらなる具体化 | G50: 2024年1月10日に公布・施行された「国務院独占禁止・不正競争防止委員会の事業者団体に関する独占禁止ガイドライン」は、独占禁止の分野における事業者団体の自主的な規制業務および主管機関の監督管理業務に対する指導を提供するものであり、事業者団体による独占禁止コンプライアンスの強化にとって重要な意義を有している。しかし、同ガイドラインの一部の規定（例えば、独占的協定の適用除外制度や事業者団体の内部コンプライアンス管理など）については、それらの内容をよりいっそう充実させていただくよう要望する。
C51: 2.独占的協定について | E51: ⑥ | F51: セーフハーバー制度の運用基準の明確化、同制度の適用範囲の拡大 | G51: 事業者の市場シェアが一定の基準に達していない場合における垂直的協定の適用除外というセーフハーバー制度が改正された「独占禁止法」に導入された後に、2022年の6月下旬に公布された「独占的協定の禁止に関する規定（意見募集稿）」においては同制度の下における市場シェア等の運用基準が明確にされていたが、2023年3月に公布された「独占的協定の禁止に関する規定」においては市場シェアの基準が削除されているので、早急に実施細則などを通じて同制度の運用基準を明確にしていただくよう要望する。また、改正された「独占禁止法」においては、水平的協定へのセーフハーバー制度の適用が除外されており、市場の長期的かつ健全な発展に有益な市場シェアの低い企業間の提携がある程度において制限されているため、セーフハーバー制度の適用範囲を水平的協定にも拡大していただくよう要望する。
E52: ⑦ | F52: 垂直的協定におけるリニエンシー制度の適用可否の解明 | G52: 「独占的協定の禁止に関する規定」においては、リニエンシー制度の申請・認定手続がさらに洗練化されたものであり、この点については評価することができる。一方で、同規定は、リニエンシー制度の適用範囲を水平的協定の場合に限定せず、「事業者が独占的協定を締結する場合」に包括的に規定しているが、当該制度が実務上垂直的協定に適用するかどうかについては、なおも不明確であり、解明していただくよう要望する。
E53: ⑧ | F53: 個人を対象とする責任追及制度の運用基準の明確化 | G53: 独占的協定に対する規制について、改正された「独占禁止法」においては個人を対象とする責任追及制度が導入されてはいるものの、その規定は依然として原則的なものにとどまっていることから、早急な実施細則およびガイドラインの公開等を通じて同制度の運用基準の詳細を明確にしていただくよう要望する。
C54: 3.市場支配的地位の濫用について | E54: ⑨ | F54: 相対的な優越的地位の濫用に対する規制の導入をめぐる慎重な検討 | G54: 2022年の11月下旬に公布された「不正競争防止法」改正案（意見募集稿）の第13条においては相対的な優越的地位の濫用に対する規制が導入されている。しかし、市場における企業の競争行為を過度に萎縮させないためにも、当該規制の導入については慎重に検討していただくよう要望する。もしも同規制の導入が必須な場合には、同制度と、独占禁止法上の市場支配的地位濫用行為に対する規制との間における適用上の相違点等を明確にしていただくよう要望する。
E55: ⑩ | F55: 知的財産権への過度な制限の緩和 | G55: 知的財産権の行使時に考慮すべき独占禁止法運用上の原則について、「知的財産権の分野に関する独占禁止ガイドライン」にも定められているとおり、FRAND原則の適用を受ける旨の宣言の有無を問わず、標準必須特許か、それとも標準必須特許ではない特許かにかかわらずにFRAND条件の下におけるライセンスの実施を一律に強制するように、知的財産権を過度に制限し、イノベーションを阻害するのではないかという懸念も生まれている。特許権の独占的かつ排他的な権利という法的性質を考慮し、世界各国の法令運用の実状を踏まえた上で、法令およびガイドラインを整合的に運用していただくよう要望する。
E56: ⑪ | F56: 買掛金・代金決済をめぐる大手企業への指導の提供 | G56: 大手企業による下請業者に対する代金支払遅延等の市場における優位性の濫用行為に対する防止策として、国務院は「中小企業代金支払保障条例」や「ビジネス環境改善条例」等を公布および実施している。これらの条例の徹底化に向けて、中国の国有企業をはじめとする大手企業に買掛金や代金の支払を取引契約のとおりに履行させるようにするためにも、政府による指導を行っていただくよう要望する。
C57: 4. 企業結合について | E57: ⑫ | F57: 企業結合届出・審査制度における不明確な点の解明 | G57: 改正された「独占禁止法」においては企業結合の分類・分級審査制度や重点分野に対する規制の強化等も明確にされており、この点については評価に値する。一方、企業結合届出の時点における「企業結合」および「支配力」の構成要件、企業結合届出の要否の判断基準、審査・決定上の基準や考え方には、なおも不明確な点が残されており、事業者側の判断が困難となるケースが存在している。「企業結合審査規定」の公布・実施により、前述の不明確な点はある程度解明されたものの、そのうちに特に「支配力」の構成要件は依然として明確化されていない。これらの基準や考え方については、実施細則およびガイドラインの公布等を通じて明確にしていただくよう要望する。
E58: ⑬ | F58: 簡易届出制度の運用上のさらなる改善、案件受理・審査期間の短縮 | G58: 企業結合の届出時においては、書類の提出から正式な案件受理までの期間は、ケースによって異なっており、長期化する場合もある。簡易届出制度の運用上の改善や、一部の簡易届出制度適用案件審査権限の地方独占禁止法執行機関への委譲等を通じて改善されてきてはいるものの、案件の受理や審査に要する期間については、関連制度の運用上のさらなる改善を通じ、これを短縮していただくよう要望する。
E59: ⑭ | F59: 新旧「独占禁止法」の適用規則の明確化 | G59: 改正された「独占禁止法」においては違反行為に対する法的責任が明らかに増加されているものの、新旧法適用の切替えに関する規定は設けられていない。特に、企業結合審査において届け出なければならなかったにもかかわらず届け出ていない取引について、改正された「独占禁止法」の施行前から施行後まで取引の当事者が対象会社を一貫して支配し続けていた場合、取引の当事者の対象会社に対する継続的な支配という違反行為には改正された「独占禁止法」が適用されるのか否かという点については、なおも明確にされていない。ゆえに、新旧「独占禁止法」の適用規則を明確にするための規定を早期に公布していただくよう要望する。
C60: 5.行政権力の濫用による競争の排除および制限について | E60: ⑮ | F60: 行政権力の濫用による競争の排除および制限行為に対する規制の整備 | G60: 「独占禁止法」においては、行政権力の濫用による競争の排除および制限行為に対する罰則は、上級当局による是正命令および直接の責任者に対する処分のみであり、独占禁止法の執行機関は、関連する上級当局に対して法による処理の勧告を行う権限のみを有しており、行政機関または法律法規の授権により公共事務を管理する権限を有する組織による独占的行為に対する抑止力に欠けている。ゆえに、行政的な独占的行為に対する行政機関または法律法規の授権により公共事務を管理する権限を有する組織への罰則が適切に強化されること、およびこれらの行政機関・組織に行政的な独占的行為により損害を受けた事業者への損害賠償責任が課されることが望まれる。同時に、行政的な独占的行為により利益を享受した事業者に対しても、事実関係に基づいて法的責任を追及していただくよう要望する。
C61: 6.商業賄賂について | E61: ⑯ | F61: 取引の当事者間における合理的利益提供行為の合法化 | G61: 2022年11月に公布された「不正競争防止法」改正案（意見募集稿）においては、商業賄賂に対する取り締まりが強化されており、公正な競争環境の整備に向けた取り組みとして、この点については評価することができる。他方、同改正案においては取引の相手方も商業賄賂の対象に含まれるものと規定されており、このような規定の下においては取引の当事者同士の間における合理的な利益の提供も認められないこととなる。企業の経済活動を過度に萎縮させないようにするためにも、同改正案の内容を慎重に検討し、合理的な利益提供を適法化する法令改正を行っていただくよう要望する。
E62: ⑰ | F62: 「不正競争防止法」の改正作業の加速、法令内容の整備 | G62: 現行の「不正競争防止法」においては、商業賄賂の認定にかかわるコミッションおよび値引きの「事実通りの記帳」に対する判断基準、「職権または影響力を利用して取引に影響を及ぼす組織または個人」の具体的な範囲、商業賄賂と認定された場合において科せられ得る違法所得の没収や制裁金の徴収等の罰則の適用基準の面においても不明確な点が残されている。しかし、2024年1月現在、「不正競争防止法」の第3次改正をめぐる最新の進展は、なおも見られていない。早急に改正作業を進め、今回の法令改正を機会に、これらの基準も明確にしていただくよう要望する。
B64: 第2部 第4章 税務・会計
C65: 大項目 | D65: 中項目 | E65: 番号 | F65: 建議項目タイトル/要約 | G65: 建議内容
C66: 1.税務 | D66: (１)制度運用／税収管理 | E66: ① | F66: 税収徴収管理上の混乱 | G66: 税収徴収管理にて、重複した要求をなくして十分な納期も設定の上、納税者の負担を軽減してもらいたい。地域差や当局担当者による解釈の差異をなくし、法規の解釈に混乱が生じないような対応を引き続き要望する。
E67: ② | F67: 重点企業グループに対する管理強化 | G67: 重点企業グループの管理強化のため、税務局は「千戸集団」を設定した上で各種の財務・税務データの提供を求める。とりわけ電子データの収集および提出は企業に莫大な作業量をもたらしており、要求の取り消しを要望する。
D68: (２)所得税（個人所得税・企業所得税） | E68: ③ | F68: 外国籍人員に対する免税措置の恒久化 | G68: 外国籍人員が適用可能な免税措置（住宅手当、言語訓練費、子女教育費）が2023年末に廃止されることになっていたが、2023年8月に公告が出されて2027年末まで継続されることになった。当該措置が廃止されると外国籍人員の個人所得税が大幅増になることが見込まれるため、今回の再延長に関する公告は評価される。税負担を今後も増やさないためにも、当該措置の無期限延期を要望する。
E69: ④ | F69: 帰任後の個人所得税還付 | G69: 帰任に伴い個人の銀行口座を閉鎖した場合、閉鎖後に申請した個人所得税の還付申請が却下される。源泉徴収を行う所属企業の銀行口座を使った還付ができるよう改善をお願いしたい。
E70: ⑤ | F70: 租税条約の適用にかかわる受益者条件 | G70: 日中租税条約に規定されている源泉税率を享受する資格を得るため、非居住者の株主は受益者要件を満たす必要がある。中国の規則はOECDモデル租税条約と比較して厳格で適用範囲が狭いため、モデル条約に沿った規定への変更を求めたい。
E71: ⑥ | F71: 租税条約における源泉税率 | G71: 日中租税条約における配当所得の企業所得税率は10％だが、これは中国が香港やシンガポール等と締結している租税条約と比して高い水準にあり軽減を要望する。
D72: (３)移転価格税制 | E72: ⑦ | F72: 移転価格調査における税務局の姿勢 | G72: 移転価格調査において、グローバル経済動向や企業のビジネス展開、地域性といった企業の実態があまり認められず、課税ありきの姿勢で一方的に調査が展開されているケースがある。企業側の主張も聞き入れた上での対応を要望する。
E73: ⑧ | F73: 日中APAの申請手続の停滞 | G73: 二国APAの申請にあたり、長期間に渡る調整や審査が必要になる。その間、税務局による調査が停止されないケースもあり、税務局にて窓口を一本化した対応を行ってもらいたい。二国間相互協議についても納税者の長期にわたる不安定な状況を排除するため、円滑に機能するよう要望する。
D74: (４) 印紙税 | E74: ⑨ | F74: 印紙税法における海外企業への課税 | G74: 新・印紙税法により、海外企業が一定の取引を行うと海外企業側でも納税義務を負うことになった。日本では国外で作成された契約書等に印紙税が課税されることはなく、当該規定の見直しを希望する。また海外企業の納付にあたり明確な実施細則がなく、税務局によっても見解が異なる。具体的な実務運用に関するガイドラインを発行してもらいたい。
D75: (５) 増値税 | E75: ⑩ | F75: 留保額還付手続における実務運用 | G75: 増値税控除留保額について条件を満たすと還付が行われるが、還付申請を実施したところ、税務局から問題点の指摘がなされないまま還付申請を取り消すよう連絡を受け、さらに申請を取り消さない場合は調査が実施される可能性があるとの話も受けた。還付申請ができない場合の理由説明など、制度利用を促す運用を要望する。
E76: ⑪ | F76: キャッシュプーリングにおける受取利息への課税 | G76: 効率的な資金管理のためグループファイナンスを行うケースが増えているが、キャッシュプーリングでの受取利息に増値税が課されてしまう。銀行の預金利息同様に非課税になる取扱を検討してもらいたい。
E77: ⑫ | F77: 電子発票の促進 | G77: 電子発票促進のため、電子発票の発行・受領・保管が可能な共通プラットフォームシステムを税務局で構築するよう検討を要望する。
D78: (６) その他 | E78: ⑬ | F78: 組織再編上の課税 | G78: グループ会社の組織再編を進めるにあたり、実務面にて行政手続の要件が不明瞭で手続も煩雑である。企業負担を軽減するために課税繰延となる特殊税務処理の適用条件がまだ不明確な部分がある。組織再編がスムーズに進められるよう関連規定および手続のさらなる明確化を要望する。
E79: ⑭ | F79: PE認定における課税 | G79: 日本から中国への役務提供にかかわるPE（恒久的施設、Permanent Establishment）認定の基準が不明確であり、中国における連続的な活動を伴わないにもかかわらずPE認定を受け、対価支払にて源泉徴収が要求される事例が発生している。日本本社の出張者経費を中国企業が立て替えた場合の実費精算についてもスムーズに進まないことがあり、PE課税要否の判断における事実確認および納税申告手続を明確にされたい。
C80: ２. 会計 | E80: ⑮ | F80: 企業の自主的判断での決算期設定 | G80: 現在グローバルベースでIFRS（国際会計基準）への移行が検討されているなかで、連結決算対応の観点より、現在の中国における12月決算のみではなく企業の自主的判断で決算期の設定を可能とする中国企業会計制度の柔軟な適用を要望する。
E81: ⑯ | F81: 新会計準則移行措置の統一とIFRSコンバージェンスの促進 | G81: 新しい企業会計準則への移行措置が各地で異なっており、今後義務化するにあたり事前準備期間を考慮したうえで全国一律の対応を要望する。また、当該準則は2012年に欧州委員会によりIFRSと同等と認められたが、一部の処理において依然として差異が存在する。今後よりいっそうのコンバージェンスへの取り組みを要望する。
B83: 第2部 第5章 労務
C84: 大項目 | D84: 中項目 | E84: 番号 | F84: 建議項目タイトル/要約 | G84: 建議内容
C85: 1. 就労・出入国関連 | E85: ① | F85: 一日も早いビザ免除措置の再開、ビザ審査期間の短縮 | G85: 2023年1月29日より、国家移民管理局は日本人向けの到着地ビザの発給を再開し、72/144時間のトランジットビザ免除政策を再開した。この方法は両国間を出入国する者にとって有益である。しかし、短期の中国出張や親族訪問の日本人は、依然として事前にビザの手続をしないと入国できず、ビザが発給されるまで一定の時間を要するため、急な出張等の突発事態に対応することが難しい。日中間の往来や訪中ビジネスを促進するため、国家移民管理局や外交部等の機関が一日も早く日本人の15日以内のビザ免除措置の再開、ビジネスや親族訪問ビザの審査期間を短縮するよう強く要望する。
E86: ② | F86: 各地域における公安部26条措置の執行基準の統一、「パスポート保管免除」政策の適用範囲拡大 | G86: 2023年8月3日、公安部は「公安機関のサービス保障の質の高い発展26条の措置」を発表した。「外国人が居留許可を申請する際のパスポート保管の免除」などの措置が含まれており、これを歓迎する。現在、一部の地域の出入国管理局ではパスポートを保管しないことを審査条件に設定している。他方で、例えば一部地域ではビザなどの証明書の残りの有効期間が7日を超えていない際、パスポート保管の免除の政策を適用しない場合がある。公安部が各地域で26条の措置に対する執行基準を統一し、外国人が居留許可の新規申請・延長などの手続を行う際、「パスポート保管免除」という利便性の高い本政策を享受できることを要望する。
E87: ③ | F87: 外国人の指紋・顔など生体情報の採取回数の削減 | G87: 外国人の指紋や顔などの生体情報は何度も採取され、重複して採取されるなどの問題がある。入国時に指紋や顔などの情報を採取するだけでなく、ビザや居留許可などの手続を行う際にも、外国人本人がビザセンターへ出向き、生体情報を採取する必要がある。国家移民管理局は、管理措置を最適化し、入国時に一度だけ指紋や顔情報を採取することとし、外国人の負担が軽減されることを要望する。
E88: ④ | F88: 新たな政策に対する過渡期の設定、オフィシャルサイトにおける各エリア入境政策情報の充実 | G88: 外交部、科学技術部、国家移民管理局などの所管機関は、外国人のビザ、就労、居留に関する政策を変更する前に、オフィシャルサイトなどさまざまな方法で外国人へ充分に通知し、少なくとも1週間以上の猶予を設けることを要望する。また、中国の在外公館のオフィシャルサイトには、外国人の香港への入境手続の流れが記載されておらず、香港への入境に関する政策の問い合わせに不便を感じる。中国の在外公館が香港を含む中国の各地域の入境手続の流れを同時に公表するか、各地域の入境政策の問い合わせ方法やウェブサイトへのリンクなどを提供することを要望する。
E89: ⑤ | F89: 外国人の異なる地域への異動による就業、居留手続の簡略化、承認期間の短縮 | G89: 外国人が異なる地域へ異動し就業するのを容易にするため、科学技術部と出入国管理局が勤務先の変更に必要な就労許可と居留許可に関する手続を簡略化し「先ず抹消してから新たに手続する」という現在の方法を改善し、承認期間を短縮することを要望する。
E90: ⑥ | F90: 外国人帰任者の銀行口座凍結措置の取り止め、または海外での解除手続の許可 | G90: 外国人が本国に帰任した後、中国国内に開設された銀行口座は、中国ビザや居留許可の期間が満了すると凍結される。口座の凍結解除手続を行う場合、本人が中国に入国し、銀行で処理する必要がある。帰任者の中国再入国は手続面やコストを鑑みると負担が大きいことからも、外国人帰任者の銀行口座凍結措置の取り止め、または海外で凍結解除手続を行うことができる便宜措置を制定することを中国人民銀行へ要望する。
E91: ⑦ | F91: 就労許可や居留許可にかかる期間の統一、手続の簡素化、手続期間の短縮 | G91: 各地域で就労許可や居留許可の手続方法と手続にかかる期間が統一されていないため、新たに赴任する駐在員は、赴任までの必要手続および必要期間の予測が難しい。科学技術部と出入国管理局は、各地域の就労許可や居留許可の手続にかかる期間を統一し、それに基づき各手続をさらに簡略化し、手続時間を短縮することを要望する。
C92: 2. 社会保障 | E92: ⑧ | F92: 外国人の医療保険等その他の社会保険項目の強制納付義務の免除 | G92: 「社会保障に関する日本国政府と中華人民共和国政府との間の協定」に規定されている基本養老保険以外の医療保険、労災保険、失業保険およびその他の社会保険項目について、同様に関連する法律規定に対して相応の改正を行い、外国人の強制納付義務を免除し、中国国内での納付に対する選択権の付与を要望する。
E93: ⑨ | F93: 社会保険料の延滞金の取り止めまたは料金基準の引き下げ、および合理的な追徴期限と時効の設定 | G93: 日系企業は法令が定める基数に基づき従業員の社会保険を積極的に納付しているが、「社会保険法」の実施前後の経過的な問題などにより、一部で納付漏れが発生している。日系企業は複雑な追徴手続に対応する際、高額な延滞金を負担しなければならず、大きな負担となっている。人力資源社会保障部は、積極的に追徴した企業に対し延滞金の取り止めまたは延滞金の基準の引き下げ、および合理的な追徴期限と時効を設定するよう要望する。
E94: ⑩ | F94: 社会保険料と住宅積立金の全国統一の実現 | G94: 従業員が保険加入地とは異なる場所へ転勤する場合、勤務地で本来の社会保険待遇を受けることができないケースや、養老保険の個人口座の残高を移転できないなどの問題があり、地域間の人材移動の活力が低下している。一日も早く社会保険料と住宅積立金の全国統一の実現を要望する。
C95: 3. 労働管理 | E95: ⑪ | F95: 「月間残業時間が36時間を超えてはならない」という強行規定の調整 | G95: 製造業をはじめとする一部の業界では、受注量の急増などにより短期的な人手不足の問題が起こり得る。人力資源社会保障部は「労働法」における「月間残業時間が36時間を超えてはならない」という強行規定を調整し、企業が従業員や労働組合と協議のうえ合意した後、労働行政機関に特別申請を行うことを許可し、柔軟な方法で月々の残業時間の上限を合理的に定められる体制の構築を要望する。
E96: ⑫ | F96: 女性従業員の定年年齢の区分基準の明確化 | G96: 女性従業員の法定定年年齢には、女性従業員の身分による区別が存在する。地域によって女性一般労働者・幹部の身分を判断する基準が明確になっていないため、人力資源社会保障部が定年年齢の段階的引き上げ政策を実施するまで、区分基準の明確化もしくは統一の定年年齢基準の制定を要望する。
E97: ⑬ | F97: 特殊労働時間制のポストや人数などの承認制限の適切な緩和 | G97: 現在、一部の業界の企業経営陣や現場で交代勤務を行う職場では、特殊労働時間制を適用する需要が高まっているが、一部の地域の労働行政機関では、特殊労働時間制に対する承認の厳格化や、減少化する傾向にあり、企業の日常管理や市場競争力の向上にとって好ましくない状況にある。各地の労働行政機関は、労働者の休憩時間と勤務時間のバランスを充分考慮し、管理制度を整備している企業に対し、特殊労働時間制のポストや人数などの承認制限を適切に緩和することを要望する。
C98: 4. その他 | E98: ⑭ | F98: 財政補助金や政策支援の提供による人材誘致と安定化 | G98: 近年、ハイテク企業と先端技術企業の人材流出が深刻な問題になっている。中央と地方政府が財政補助金の提供や政策支援を実施することで、高度人材の誘致が活性化し、またその人材の安定化が期待できる。例えば、企業が高度人材を確保するために、高度人材が就労居住証を申請する際、より高いポイントの付与や証明書の取得に必要な年数の短縮等、人材を惹きつけ人材を安定させることに寄与する措置を要望する。
B100: 第2部 第6章 知的財産権
C101: 大項目 | D101: 中項目 | E101: 番号 | F101: 建議項目タイトル/要約 | G101: 建議内容
C102: １. 知的財産の適切な保護の促進 | D102: (１) 出願権利化プロセス・保護期間の合理化・適正化 | E102: ① | F102: 意匠制度の見直し（建議先：国家知識産権局） | G102: 意匠について、審査主義（実体審査制度）を導入していただくよう要望する。また、遅延審査制度が2024年1月施行の専利審査指南により柔軟化されたところではあるが、いっそうの柔軟な公表時期を設定可能な秘密意匠制度を導入することを要望する。また、存続期間を他国と同等まで引き上げること、自己開示による新規性喪失の例外適用も導入いただくよう要望する。
E103: ② | F103: 適切な商標審査および悪意の商標出願の取り締まり（建議先：国家知識産権局、国家市場監督管理総局） | G103: 外国の著名商標が悪意に先取りされる事例が引き続き生じていることから、外国の著名商標の悪意による商標出願は審査で拒絶される旨を法令または商標審査審理指南において明確化することを要望する。その審査においては、商標の外国における馳名（著名）性、商標標識の顕著性およびこれらに基づく出願人の悪意性を考慮した審査を要望する。併せて、著名な商標や他人の先行権利を適切に保護すべく、商標審査審理指南において、商標法第13条、第15条および第32条を実体審査の対象とすることを要望する。馳名商標の認定審査および審理においては、中国国内でのホームページ閲覧数やインターネット販売数、中国業界団体との交流実績等の資料を適切に評価し、考慮することを要望する。商標法第4条の悪意商標の出願をした者およびその出願の代理をした代理機構に対する警告や罰金等の行政処罰の徹底を要望する。
E104: ③ | F104: 商標審査における情報提供制度の導入（建議先：国家知識産権局） | G104: 商標審査における情報提供制度の法文化またはガイドライン等による運用の公表を要望する。
E105: ④ | F105: 商標審査審理の延期（建議先：国家知識産権局） | G105: 「審判事件の中止事由に関する規準」を踏まえ、必要な場合において、審理が適切に延期されることを要望する。また、審理のみならず、商標出願の審査においても、先願の結果が後願の審査に影響を及ぼす場合、後願商標出願の審査も、審理同様に延期することを要望する。
E106: ⑤ | F106: 専利権の冒認出願への対策（建議先：国家知識産権局） | G106: 他人の発明創造を第三者が不正に出願する冒認出願について、専利法には直接の排除規定がなく、専利実施細則に専利権等の帰属について各地域の知財業務を管理する部門が調停を行うことができるとの規定があるのみである。専利権の帰属については当事者間のみならず、社会的な影響を及ぼす虞もあるため、統一的な判断や、真の権利者からの移転請求権の明確化を要望する。
E107: ⑥ | F107: 特許審査の迅速化・的確化（建議先：国家知識産権局） | G107: 優先審査制度において、外国企業が実質的に不利に扱われないよう基準の明確化や公平な取り扱いを要望する。特に、2017年8月1日付施行の「専利優先審査管理弁法」第八条第一項および第二項では優先審査請求書に対して国務院関係部門または省級知識産権局の推薦意見記入が要求されているが、このような要件を削除いただくか、推薦基準を明確化いただくことを要望する。また、本弁法第三条（五）では「中国に初出願し外国出願するもの」が優先審査の条件に挙げられているが、この条件を緩和し、中国初出願でなくても外国関連出願が存在すれば優先審査の対象としていただくことを要望する。また、日中特許審査ハイウェイ（日中PPH）については、速やかな正式合意を行うとともに、出願公開前の受理等の条件緩和をしていただくことを要望する。
E108: ⑦ | F108: 専利出願集中審査についての条件明確化と条件緩和（建議先：国家知識産権局） | G108: 専利出願集中審査について、2019年9月5日に発表された「専利出願集中審査管理弁法（試行）」第3条の集中審査請求の条件として、（二）国家重点優位産業に係り、または国の利益、公共の利益に対して重大な意義を有することが要求されているが、具体的な基準の明確化を要望する。また、（三）1回の集中審査出願件数が50件を下回らず、かつ実体審査請求の効力が発生してからの期間の幅が1年を超えていないことが要求されているが、集中審査出願件数が50件の条件を緩和いただくことを要望する。
E109: ⑧ | F109: 特許請求の範囲や明細書の記載要件および補正制限の緩和（建議先：国家知識産権局） | G109: サポート要件等の特許請求の範囲や明細書の記載要件を諸外国のレベルに緩和していただくとともに、特許請求の範囲については、減縮を目的としたものであれば、明細書および図面に記載の範囲内での柔軟な補正や訂正を認めていただくことを要望する。
E110: ⑨ | F110: PCT出願の適切な国際調査・国際予備審査（建議先：国家知識産権局） | G110: PCT出願の国際調査・国際予備審査を、出願人が各国への国内移行の根拠とできる信頼性の高いものとすることを要望する。
C111: ２. 知的財産にかかわる公正な競争環境の実現 | D111: (１) 模倣行為抑制に向けた諸施策 | E111: ⑩ | F111: 再犯防止（建議先：国家市場監督管理総局、海関総署、公安部） | G111: 再犯に該当する行為の統一化を図り、中央および地方を含む市場監督管理局、海関、公安機関による摘発の処罰情報の共有化を要望する。また、再犯行為（同一または異なる権利者に対する複数回の知的財産権侵害行為を含む）に対する厳罰化の法運用を引き続き適切に進めていただくとともに、適時、権利者に再犯か否かの情報を共有いただくよう要望する。海関は侵害認定をした場合、当該侵害品の通関情報の収発貨人に記載された依頼者に関する情報(住所等)を輸送業者から取得し、処理結果を権利者に通知する際、当該依頼人に関する情報を権利者に開示することができる法整備を要望する。
D112: (２) インターネットを介した模倣品販売の対応 | E112: ⑪ | F112: 知的財産保護プログラムの整備強化（建議先：国家市場監督管理総局、国家知識産権局、工業情報化部） | G112: 電子商取引法の改正により電子商取引（EC）サイト運営者による知的財産保護プログラムの整備がさらに強化され、模倣品販売サイトや他人の登録商標を不正に使用したサイトの迅速な削除、模倣品業者による偽造注文抑制の仕組みづくり、権利者がサンプル購入・真贋鑑定を行いECサイトに申請等した場合にサンプル購入をした模倣品販売業者の販売データを権利者に開示できる仕組みづくり、再犯抑制の仕組み作りおよびその運用がどのサイトにおいても均一になされるよう関係部門の指導が強化されることを期待する。また、改正電子商取引法の実効性をさらに高いものとするためにも、同法細則の策定および公布を要望する。
...

Sheet 選択肢
A1: (プルダウン選択)
A2: 01.貿易
A3: 02.投資
A4: 03.競争法
A5: 04.税務・会計
A6: 05.労務
A7: 06.知的財産権
A8: 07.省エネ・環境
A9: 08.物流
A10: 09.政府調達
A11: 10.業界固有の課題
A12: 11.地域固有の課題
... A15: (プルダウン選択)
A16: 1.改善[完了] | B16: 2025年白書建議のうち、改善がみられ課題が解決したもの
A17: 2.改善[継続] | B17: 2025年白書建議のうち、一部改善や進捗などがみられたが、新たな観点での要求や、引き続き改善が求められるもの
A18: 3.変動なし[継続] | B18: 2025年白書建議のうち、継続して要望するもの
A19: 4.変動なし[取り止め] | B19: 2025年白書建議のうち、継続不要と考えるもの
A20: 5.新規 | B20: 新たに提起すべき課題・要望
A22: (プルダウン選択)
A23: 第2部 第1章 貿易
A24: 第2部 第2章 投資
A25: 第2部 第3章 競争法
A26: 第2部 第4章 税務・会計
A27: 第2部 第5章 労務
A28: 第2部 第6章 知的財産権
A29: 第2部 第7章 省エネ・環境
A30: 第2部 第8章 物流
A31: 第2部 第9章 政府調達
A32: 第2部 第10章 商工会組織
A33: 第3部 第1章 農林水産業・食品
... A99: （20番以降は直接入力）

Sheet 集計用
A1: 回答 No. | B1: ステータス | C1: 課題 | D1: 改善要望 | E1: 分野 | F1: 業種/地域 | G1: 建議章 | H1: 建議番号 | I1: 法令・制度 | J1: 機関・部署 | K1: 事務局使用欄 | L1: 入力通番 | M1: ﾌｧｲﾙ番号
A2: 1 | B2: =IF(フォーム!C8="","",フォーム!C8) -> (プルダウン選択) | C2: =IF(フォーム!C10="","",フォーム!C10) | D2: =IF(フォーム!C11="","",フォーム!C11) | E2: =IF(フォーム!C12="","",フォーム!C12) -> (プルダウン選択) | F2: =IF(フォーム!C13="","",フォーム!C13) | G2: =IF(フォーム!C9="","",フォーム!C9) -> (プルダウン選択) | H2: =IF(フォーム!D9="","",フォーム!D9) -> (プルダウン選択) | I2: =IF(フォーム!C14="","",フォーム!C14) | J2: =IF(フォーム!C15="","",フォーム!C15)
A3: 2 | B3: =IF(フォーム!C18="","",フォーム!C18) -> (プルダウン選択) | C3: =IF(フォーム!C20="","",フォーム!C20) | D3: =IF(フォーム!C21="","",フォーム!C21) | E3: =IF(フォーム!C22="","",フォーム!C22) -> (プルダウン選択) | F3: =IF(フォーム!C23="","",フォーム!C23) | G3: =IF(フォーム!C19="","",フォーム!C19) -> (プルダウン選択) | H3: =IF(フォーム!D19="","",フォーム!D19) -> (プルダウン選択) | I3: =IF(フォーム!C24="","",フォーム!C24) | J3: =IF(フォーム!C25="","",フォーム!C25)
A4: 3 | B4: =IF(フォーム!C28="","",フォーム!C28) -> (プルダウン選択) | C4: =IF(フォーム!C30="","",フォーム!C30) | D4: =IF(フォーム!C31="","",フォーム!C31) | E4: =IF(フォーム!C32="","",フォーム!C32) -> (プルダウン選択) | F4: =IF(フォーム!C33="","",フォーム!C33) | G4: =IF(フォーム!C29="","",フォーム!C29) -> (プルダウン選択) | H4: =IF(フォーム!D29="","",フォーム!D29) -> (プルダウン選択) | I4: =IF(フォーム!C34="","",フォーム!C34) | J4: =IF(フォーム!C35="","",フォーム!C35)
A5: 4 | B5: =IF(フォーム!C38="","",フォーム!C38) -> (プルダウン選択) | C5: =IF(フォーム!C40="","",フォーム!C40) | D5: =IF(フォーム!C41="","",フォーム!C41) | E5: =IF(フォーム!C42="","",フォーム!C42) -> (プルダウン選択) | F5: =IF(フォーム!C43="","",フォーム!C43) | G5: =IF(フォーム!C39="","",フォーム!C39) -> (プルダウン選択) | H5: =IF(フォーム!D39="","",フォーム!D39) -> (プルダウン選択) | I5: =IF(フォーム!C44="","",フォーム!C44) | J5: =IF(フォーム!C45="","",フォーム!C45)
A6: 5 | B6: =IF(フォーム!C48="","",フォーム!C48) -> (プルダウン選択) | C6: =IF(フォーム!C50="","",フォーム!C50) | D6: =IF(フォーム!C51="","",フォーム!C51) | E6: =IF(フォーム!C52="","",フォーム!C52) -> (プルダウン選択) | F6: =IF(フォーム!C53="","",フォーム!C53) | G6: =IF(フォーム!C49="","",フォーム!C49) -> (プルダウン選択) | H6: =IF(フォーム!D49="","",フォーム!D49) -> (プルダウン選択) | I6: =IF(フォーム!C54="","",フォーム!C54) | J6: =IF(フォーム!C55="","",フォーム!C55)
A7: 6 | B7: =IF(フォーム!C58="","",フォーム!C58) -> (プルダウン選択) | C7: =IF(フォーム!C60="","",フォーム!C60) | D7: =IF(フォーム!C61="","",フォーム!C61) | E7: =IF(フォーム!C62="","",フォーム!C62) -> (プルダウン選択) | F7: =IF(フォーム!C63="","",フォーム!C63) | G7: =IF(フォーム!C59="","",フォーム!C59) -> (プルダウン選択) | H7: =IF(フォーム!D59="","",フォーム!D59) -> (プルダウン選択) | I7: =IF(フォーム!C64="","",フォーム!C64) | J7: =IF(フォーム!C65="","",フォーム!C65)
A8: 7 | B8: =IF(フォーム!C68="","",フォーム!C68) -> (プルダウン選択) | C8: =IF(フォーム!C70="","",フォーム!C70) | D8: =IF(フォーム!C71="","",フォーム!C71) | E8: =IF(フォーム!C72="","",フォーム!C72) -> (プルダウン選択) | F8: =IF(フォーム!C73="","",フォーム!C73) | G8: =IF(フォーム!C69="","",フォーム!C69) -> (プルダウン選択) | H8: =IF(フォーム!D69="","",フォーム!D69) -> (プルダウン選択) | I8: =IF(フォーム!C74="","",フォーム!C74) | J8: =IF(フォーム!C75="","",フォーム!C75)
A9: 8 | B9: =IF(フォーム!C78="","",フォーム!C78) -> (プルダウン選択) | C9: =IF(フォーム!C80="","",フォーム!C80) | D9: =IF(フォーム!C81="","",フォーム!C81) | E9: =IF(フォーム!C82="","",フォーム!C82) -> (プルダウン選択) | F9: =IF(フォーム!C83="","",フォーム!C83) | G9: =IF(フォーム!C79="","",フォーム!C79) -> (プルダウン選択) | H9: =IF(フォーム!D79="","",フォーム!D79) -> (プルダウン選択) | I9: =IF(フォーム!C84="","",フォーム!C84) | J9: =IF(フォーム!C85="","",フォーム!C85)
A10: 9 | B10: =IF(フォーム!C88="","",フォーム!C88) | C10: =IF(フォーム!C90="","",フォーム!C90) | D10: =IF(フォーム!C91="","",フォーム!C91) | E10: =IF(フォーム!C92="","",フォーム!C92) | F10: =IF(フォーム!C93="","",フォーム!C93) | G10: =IF(フォーム!C89="","",フォーム!C89) | H10: =IF(フォーム!D89="","",フォーム!D89) | I10: =IF(フォーム!C94="","",フォーム!C94) | J10: =IF(フォーム!C95="","",フォーム!C95)
A11: 10 | B11: =IF(フォーム!C98="","",フォーム!C98) | C11: =IF(フォーム!C100="","",フォーム!C100) | D11: =IF(フォーム!C101="","",フォーム!C101)
B37: =IF(フォーム!C122="","",フォーム!C122)
